 Dungeon Crawl Stone Soup version 0.29.0-4-gdea44cf6ec (webtiles) character file.

Game seed: 11975087961063922365

124086 qw the Wrestler (level 16, -7/158 HPs)
             Began as a Troll Cinder Acolyte on Aug 31, 2022.
             Was a High Priest of Okawaru.
             Succumbed to barbed spike wounds
             ... on level 2 of the Shoals.
             The game lasted 00:15:55 (23449 turns).

qw the Wrestler (Troll Cinder Acolyte)             Turns: 23449, Time: 00:15:56

Health: -7/158     AC: 25    Str: 31    XL:     16   Next: 38%
Magic:  22/22      EV: 13    Int:  9    God:    Okawaru [*****.]
Gold:   2131       SH:  5    Dex:  9    Spells: 17/17 levels left

rFire   . . .      SeeInvis +     - Unarmed
rCold   + + .      Faith    .   (no shield)
rNeg    . . .      Spirit   .   u - +1 storm dragon scales
rPois   +          Reflect  +   (helmet restricted)
rElec   +          Harm     .   v - +1 cloak {rPois}
rCorr   .          Rampage  .   (gloves unavailable)
Will    +....                   (boots unavailable)
Stlth   ..........              m - amulet of reflection
HPRegen 1.16/turn               p - ring "Kiemm" {rC++ EV+4 SInv}
MPRegen 0.18/turn               o - +4 ring of protection

@: heroic, spiked
A: large, unfitting armour, claws 3, regeneration 1, shaggy fur 1, tough skin 1,
agile 1
a: Renounce Religion, Heroism, Finesse, Duel


You were on level 2 of the Shoals.
You worshipped Okawaru.
Okawaru was extremely pleased with you.
You visited 5 branches of the dungeon, and saw 25 of its levels.
You also visited: Sewer, Ossuary and Gauntlet.

You collected 2499 gold pieces.
You spent 368 gold pieces at shops.


Innate Abilities, Weirdness & Mutations

You are too large for most types of armour.
You have claws for hands.
Your natural rate of healing is unusually fast.
You are covered in fur. (AC +1)
You have tough skin. (AC +1)
You are agile. (Dex +4, Str/Int -1)


   Skills:
 - Level 10.0(15.0) Fighting
 - Level 9.0(14.0) Throwing
 - Level 8.0(13.0) Armour
 - Level 4.0(9.0) Dodging
 + Level 21.3(26.3) Unarmed Combat
 - Level 1.0 Spellcasting
 - Level 2.1 Fire Magic
 - Level 10.0 Invocations


You had 17 spell levels left.
You didn't know any spells.
Your spell library contained the following spells:

 Spells                   Type           Power      Damage    Failure   Level
 Scorch                   Fire           8%         2d5       58%         2

Inventory:

Missiles
 g - 4 silver javelins
 h - a boomerang of dispersal
 j - 12 javelins
 q - 7 large rocks (quivered)
 t - 14 boomerangs
Armour
 u - +1 storm dragon scales (worn)
 v - a +1 cloak of poison resistance (worn)
Jewellery
 d - a ring of protection from fire
 m - an amulet of reflection (around neck)
 o - a +4 ring of protection (right claw)
 p - the ring "Kiemm" (left claw) {rC++ EV+4 SInv}
   (You acquired it on level 6 of the Dungeon)

   [ring of evasion]

   EV:        It affects your evasion (+4).
   rC:        It greatly protects you from cold.
   SInv:      It lets you see invisible.
Scrolls
 f - 5 scrolls of enchant weapon
 k - 9 scrolls of identify
 n - 2 scrolls of brand weapon
Potions
 a - 3 potions of resistance
 c - 2 potions of magic
 e - 11 potions of curing
 i - 5 potions of might
 l - 3 potions of mutation
 r - 3 potions of haste

Dungeon Overview and Level Annotations

Branches:
Dungeon (15/15)            Temple (1/1) D:7            Lair (5/5) D:10
 Shoals (2/4) Lair:2       Spider (0/4) Lair:2        Slime (0/5) Lair:4
    Orc (2/2) D:11            Elf (0/3) Orc:2        Vaults (0/5) D:14
 Depths (0/4) D:15          Sewer (visited)         Ossuary (visited)
Gauntlet (visited)

Altars:
Ashenzari
Cheibriados
Okawaru
Ru
Uskayaw
Vehumet
Wu Jian
Yredelemnul
Jiyva

Shops:
D:1 *   D:2 (=:!(   D:3 =   Orc:2 (*[*

Annotations:
D:7 3 runed translucent doors, qw's ghost, novice TeWr
D:9 3 runed translucent doors, qw's ghost, novice TrCA
D:10 2 runed translucent doors
D:12 2 transporters, Lytaqeus's ghost, journeyman GnWn


Message History

The merfolk hits you but does no damage. x2
The faun shoots a sling bullet.
The sling bullet barely misses you.
The merfolk hits you from afar with a +0 trident.
The satyr shoots an arrow.
The arrow hits you!!
23441 ||| READING 2 scrolls of teleportation.
As you read the scroll of teleportation, it crumbles to dust.
You feel strangely unstable.
The merfolk throws a throwing net.
The throwing net hits you.
You become entangled in the net!
You hear a splash.
The merfolk hits you from afar with a +0 trident.
The satyr shoots an arrow.
The arrow hits you!!
The merfolk hits you from afar with a +0 trident. x2
Your surroundings suddenly seem different.
A water elemental comes into view.
Found 6 boomerangs.
You are no longer terrified.
The water elemental closely misses you.
Enter note:
23444 ||| READING scroll of teleportation.
As you read the scroll of teleportation, it crumbles to dust.
You feel strangely unstable. The water elemental hits you.
The water elemental engulfs you in water!
You eviscerate the water elemental!!!
You destroy the water elemental!
Okawaru accepts your kill.
You gasp with relief as air once again reaches your lungs.
You start resting.
Your surroundings suddenly seem different.
A manticore comes into view.
Found a lightning rod (4/4).
Enter note: You feel your willpower return.
The manticore flicks its tail.
The volley of spikes hits you.
The barbed spikes become lodged in your body.
The barbs in your skin will harm you if you move.
Continue?
The barbed spikes dig painfully into your body as you move.
You die...

....~~~ ~...~~~~~
....~~~~~ ...~~~~.~
##..~~~~~~ ###...~~~~~~
#......~~~~~
##.......~~~ #..@.....~~
###.~..H..~ ^.....~~~
..~.}.~~~~ #.~~~~~~~~~
#.~~~~~~~~~ ....>P
#~~~~~~~~~~~
......######..~~~~~~~~~~
.P.~c~~....~..~~~~~


You could see a manticore.

Vanquished Creatures
  Rupert (D:13)
  Roxanne (D:15)
  A minotaur (Gauntlet)
  A blizzard demon (Gauntlet)
  Snorg (Lair:3)
  Josephine (D:15)
  6 boulder beetles
  11 hydras
  Harold (D:9)
  3 centaur warriors
  A merfolk avatar (Shoals:1)
  Erica (D:9)
  11 two-headed ogres
  A catoblepas (Lair:5)
  6 death yaks
  An orc high priest (Orc:2)
  A vampire mage (D:15)
  3 tengu warriors
  Urug (Orc:2)
  Sonja (D:13)
  3 skeletal warriors
  A sea snake (Shoals:1)
  A steelbarb worm (shapeshifter) (D:15)
  2 orc knights (Orc:2)
  A wizard (D:14)
  13 harpies
  A harpy (shapeshifter) (D:14)
  A golden dragon skeleton (D:15)
  A necromancer (D:15)
  A sphinx zombie (D:15)
  4 orc sorcerers (Orc:2)
  2 deep elf pyromancers
  13 ugly things
  A cyclops (D:15)
  2 fauns (Shoals:2)
  3 manticores (Shoals:2)
  A shadow dragon skeleton (D:15)
  A worldbinder (Gauntlet)
  14 elephants
  Maurice (D:8)
  5 merfolk sirens
  2 torpor snails
  2 black mambas
  18 cane toads
  4 centaur skeletons (D:14)
  A kobold demonologist (D:14)
  5 rime drakes
  An unseen horror (D:12)
  A yaktaur (shapeshifter) (D:15)
  3 yaktaurs (D:14)
  2 minotaur zombies (Gauntlet)
  A tengu conjurer (D:14)
  2 ice devils (Gauntlet)
  10 komodo dragons
  6 merfolk
  4 trolls
  6 polar bears
  A wind drake (Shoals:1)
  4 meliai
  20 blink frogs
  4 hornets
  7 slime creatures (D:13)
  An ettin zombie (D:15)
  6 dream sheep (Lair:5)
  A meliai zombie (D:12)
  4 shadows
  A vampire (D:11)
  6 wyverns
  14 spriggans
  3 water elementals
  2 basilisks
  19 fire elementals
  4 wraiths
  94 yaks
  Eustachio (D:4)
  12 vampire mosquitoes
  2 acid dragons
  3 wargs
  12 water moccasins
  8 black bears
  24 orc warriors
  A black bear (shapeshifter) (D:13)
  A sky beast (D:8)
  3 ice beasts
  5 ogres
  7 boggarts
  5 centaurs
  26 wolves
  9 kobold brigands
  2 necrophages
  A gnoll sergeant (D:7)
  17 bullfrogs
  17 scorpions
  11 wights
  22 killer bees
  4 howler monkeys
  An electric eel (Lair:4)
  3 centaur zombies
  2 human zombies (Ossuary)
  5 hounds
  26 orc priests
  Ijyb (D:5)
  4 iguanas
  4 scorpion zombies (Ossuary)
  36 orc wizards
  3 mummies (Ossuary)
  7 gnolls (D:7)
  14 adders
  5 river rats (Sewer)
  A shadow imp (D:5)
  3 white imps (Gauntlet)
  3 ufetubi (D:6)
  3 worms
  62 orcs
  11 ball pythons
  4 bats
  8 endoplasms
  5 giant cockroaches
  3 gnoll zombies (Ossuary)
  12 goblins
  2 hobgoblins (D:1)
  5 jackals
  28 kobolds
  5 quokkas
  3 frilled lizards
  3 goblin zombies (Ossuary)
  2 hobgoblin zombies (Ossuary)
  5 kobold zombies (Ossuary)
  2 orc zombies (Ossuary)
  22 rats
881 creatures vanquished.

Vanquished Creatures (others)
  21 fungi
  37 plants
  4 withered plants (D:15)
62 creatures vanquished.

Grand Total: 943 creatures vanquished

Notes
Turn   | Place    | Note
-------+----------+-------------------------------------------
     0 | D:1      | qw the Troll Cinder Acolyte began the quest for the Orb.
     0 | D:1      | Reached XP level 1. HP: 22/22 MP: 1/1
     0 | D:1      | 0 ||| qw: Version: 0.1-a-97-g2dd2ca4
     0 | D:1      | 0 ||| qw: Game counter: 4665
     0 | D:1      | 0 ||| qw: Always use a shield: true
     0 | D:1      | 0 ||| qw: God list: Okawaru
     0 | D:1      | 0 ||| qw: Allow faded altars: false
     0 | D:1      | 0 ||| qw: Do Orc after D:15 true
     0 | D:1      | 0 ||| qw: Do second Lair branch before Depths: true
     0 | D:1      | 0 ||| qw: Lair rune preference: random
     0 | D:1      | 0 ||| qw: Plans: Normal
     0 | D:1      | 0 ||| PLANNING D:1-11
    67 | D:1      | 67 ||| Stepping ~*~*~tactically~*~*~ (stealth).
   174 | D:1      | Reached XP level 2. HP: 29/29 MP: 2/2
   294 | D:1      | 294 ||| Stepping ~*~*~tactically~*~*~ (stealth).
   314 | D:1      | Reached skill level 4 in Unarmed Combat
   368 | D:1      | Found Rappeul's General Store.
   549 | D:1      | 549 ||| BUYING potion of curing (30 gold).
   549 | D:1      | Bought a potion of curing for 30 gold pieces
   549 | D:1      | 549 ||| SHOPLISTING potion of curing (30 gold, have 6).
   549 | D:1      | 549 ||| SHOPLISTING ring of positive energy (200 gold, have
                  | 6).
   595 | D:1      | 595 ||| DROPPING orb of energy.
   596 | D:1      | 596 ||| READING scroll labelled WIDUVINLEX.
   664 | D:2      | Found Kinin's Distillery.
   673 | D:2      | 673 ||| SHOPLISTING 2 potions of heal wounds (120 gold,
                  | have 16).
   673 | D:2      | 673 ||| SHOPLISTING potion of curing (36 gold, have 16).
   684 | D:2      | Reached XP level 3. HP: 36/36 MP: 3/3
   715 | D:2      | Found Qucuog's Antique Weapon Boutique.
   810 | D:2      | 810 ||| Stepping ~*~*~tactically~*~*~ (stealth).
   820 | D:2      | 820 ||| INVOKING Fiery Armour.
   897 | D:2      | Identified the +1 robe "Xotuzun" {rC+ Int+2 Dex+4}
   904 | D:2      | Found Reumo's Antique Weapon Shop.
   964 | D:2      | Found Bicwow's Book Shoppe.
   968 | D:2      | Found Losmew's Jewellery Emporium.
   977 | D:2      | 977 ||| SHOPLISTING +4 ring of evasion (504 gold, have
                  | 100).
   977 | D:2      | 977 ||| SHOPLISTING +4 ring of protection (504 gold, have
                  | 100).
   977 | D:2      | 977 ||| SHOPLISTING +6 ring of dexterity (504 gold, have
                  | 100).
   977 | D:2      | 977 ||| SHOPLISTING ring "Jifan" {rN+ rCorr} (456 gold,
                  | have 100).
   977 | D:2      | 977 ||| SHOPLISTING ring of ice (350 gold, have 100).
   977 | D:2      | 977 ||| SHOPLISTING ring of resist corrosion (280 gold,
                  | have 100).
   977 | D:2      | 977 ||| SHOPLISTING ring of see invisible (210 gold, have
                  | 100).
   996 | D:2      | 996 ||| Stepping ~*~*~tactically~*~*~ (stealth).
  1031 | D:2      | Reached skill level 5 in Unarmed Combat
  1031 | D:2      | Reached XP level 4. HP: 44/44 MP: 4/4
  1210 | D:2      | 1210 ||| UPGRADING to +1 robe "Xotuzun" {rC+ Int+2 Dex+4}.
  1220 | D:2      | 1220 ||| DROPPING +0 robe.
  1221 | D:2      | 1221 ||| READING scroll labelled EMNIEL KEITRU.
  1222 | D:2      | 1222 ||| READING scroll labelled BOVOAG ZUNAUX.
  1223 | D:2      | 1223 ||| READING 2 scrolls labelled KYUNUS ENOSTOFI.
  1224 | D:2      | 1224 ||| READING scroll labelled QUIJEN EHABB.
  1235 | D:3      | 1235 ||| PLANNING SEWER
  1304 | D:3      | 1304 ||| Stepping ~*~*~tactically~*~*~ (outnumbered).
  1305 | D:3      | 1305 ||| Stepping ~*~*~tactically~*~*~ (outnumbered).
  1306 | D:3      | 1306 ||| Stepping ~*~*~tactically~*~*~ (outnumbered).
  1354 | D:3      | 1354 ||| Stepping ~*~*~tactically~*~*~ (stealth).
  1355 | D:3      | 1355 ||| Stepping ~*~*~tactically~*~*~ (stealth).
  1362 | D:3      | Found a glowing drain.
  1364 | D:3      | 1364 ||| Stepping ~*~*~tactically~*~*~ (stealth).
  1386 | Sewer    | Entered a sewer
  1466 | Sewer    | 1466 ||| Stepping ~*~*~tactically~*~*~ (stealth).
  1494 | Sewer    | 1494 ||| Stepping ~*~*~tactically~*~*~ (outnumbered).
  1495 | Sewer    | 1495 ||| Stepping ~*~*~tactically~*~*~ (outnumbered).
  1496 | Sewer    | 1496 ||| Stepping ~*~*~tactically~*~*~ (outnumbered).
  1497 | Sewer    | 1497 ||| Stepping ~*~*~tactically~*~*~ (outnumbered).
  1498 | Sewer    | 1498 ||| Stepping ~*~*~tactically~*~*~ (outnumbered).
  1507 | Sewer    | 1507 ||| INVOKING Fiery Armour.
  1555 | Sewer    | Reached XP level 5. HP: 50/50 MP: 5/5
  1559 | Sewer    | 1559 ||| Stepping ~*~*~tactically~*~*~ (outnumbered).
  1561 | Sewer    | 1561 ||| Stepping ~*~*~tactically~*~*~ (outnumbered).
  1562 | Sewer    | 1562 ||| Stepping ~*~*~tactically~*~*~ (outnumbered).
  1563 | Sewer    | 1563 ||| Stepping ~*~*~tactically~*~*~ (outnumbered).
  1564 | Sewer    | 1564 ||| Stepping ~*~*~tactically~*~*~ (outnumbered).
  1565 | Sewer    | 1565 ||| Stepping ~*~*~tactically~*~*~ (outnumbered).
  1593 | Sewer    | Reached skill level 6 in Unarmed Combat
  1664 | Sewer    | 1664 ||| Stepping ~*~*~tactically~*~*~ (stealth).
  1680 | Sewer    | 1680 ||| Stepping ~*~*~tactically~*~*~ (stealth).
  1696 | Sewer    | Reached skill level 1 in Dodging
  1726 | Sewer    | 1726 ||| Stepping ~*~*~tactically~*~*~ (stealth).
  1728 | Sewer    | 1728 ||| Stepping ~*~*~tactically~*~*~ (stealth).
  1737 | Sewer    | Reached XP level 6. HP: 40/59 MP: 6/6
  1917 | Sewer    | 1917 ||| READING scroll labelled KUMUCZERHAD.
  1918 | Sewer    | 1918 ||| DRINKING 3 murky puce potions.
  1919 | Sewer    | 1919 ||| DRINKING 3 sedimented emerald potions.
  1945 | D:3      | 1945 ||| PLANNING D:1-11
  1955 | D:3      | 1955 ||| Stepping ~*~*~tactically~*~*~ (stealth).
  1981 | D:3      | 1981 ||| Stepping ~*~*~tactically~*~*~ (hiding).
  1991 | D:3      | Reached skill level 7 in Unarmed Combat
  2134 | D:3      | 2134 ||| Stepping ~*~*~tactically~*~*~ (outnumbered).
  2135 | D:3      | 2135 ||| INVOKING Fiery Armour.
  2143 | D:3      | 2143 ||| Stepping ~*~*~tactically~*~*~ (outnumbered).
  2144 | D:3      | 2144 ||| Stepping ~*~*~tactically~*~*~ (outnumbered).
  2149 | D:3      | Reached skill level 1 in Throwing
  2316 | D:3      | Found Giovoij's Jewellery Emporium.
  2321 | D:3      | 2321 ||| SHOPLISTING +4 ring of evasion (396 gold, have
                  | 164).
  2321 | D:3      | 2321 ||| SHOPLISTING +6 ring of strength (396 gold, have
                  | 164).
  2321 | D:3      | 2321 ||| SHOPLISTING amulet of Fonyoce {Reflect rC+ Int+3
                  | SH+5} (553 gold, have 164).
  2321 | D:3      | 2321 ||| SHOPLISTING amulet of reflection (330 gold, have
                  | 164).
  2321 | D:3      | 2321 ||| SHOPLISTING ring of positive energy (220 gold,
                  | have 164).
  2345 | D:3      | 2345 ||| Stepping ~*~*~tactically~*~*~ (stealth).
  2414 | D:3      | 2414 ||| Stepping ~*~*~tactically~*~*~ (stealth).
  2415 | D:3      | 2415 ||| Stepping ~*~*~tactically~*~*~ (stealth).
  2504 | D:3      | 2504 ||| READING scroll labelled OBRESE ZEUSYC.
  2509 | D:3      | 2509 ||| READING scroll labelled UXZAQ OB RAO.
  2513 | D:4      | Noticed Eustachio
  2515 | D:4      | 2515 ||| FLEEEEING.
  2516 | D:4      | 2516 ||| STAIRDANCE
  2543 | D:4      | 2543 ||| STAIRDANCE
  2671 | D:4      | 2671 ||| INVOKING Fiery Armour.
  2694 | D:4      | Killed Eustachio
  2695 | D:4      | Reached skill level 3 in Throwing
  2695 | D:4      | Reached XP level 7. HP: 66/66 MP: 7/7
  2802 | D:4      | 2802 ||| Stepping ~*~*~tactically~*~*~ (stealth).
  3106 | D:4      | Found a sacrificial altar of Ru.
  3162 | D:4      | Identified the +1 leather armour of the Louse {+Inv rN+}
  3193 | D:4      | 3193 ||| Stepping ~*~*~tactically~*~*~ (stealth).
  3269 | D:4      | 3269 ||| READING scroll labelled BYZUEFUWK BUUCS.
  3326 | D:5      | Entered Level 5 of the Dungeon
  3327 | D:5      | 3327 ||| PLANNING OSSUARY
  3358 | D:5      | 3358 ||| Stepping ~*~*~tactically~*~*~ (stealth).
  3366 | D:5      | 3366 ||| Stepping ~*~*~tactically~*~*~ (outnumbered).
  3368 | D:5      | 3368 ||| Stepping ~*~*~tactically~*~*~ (outnumbered).
  3373 | D:5      | Reached skill level 8 in Unarmed Combat
  3373 | D:5      | 3373 ||| Stepping ~*~*~tactically~*~*~ (outnumbered).
  3374 | D:5      | 3374 ||| Stepping ~*~*~tactically~*~*~ (outnumbered).
  3383 | D:5      | Reached skill level 3 in Fighting
  3524 | D:5      | Reached XP level 8. HP: 75/75 MP: 8/8
  3568 | D:5      | Found a sand-covered staircase.
  3569 | D:5      | 3569 ||| UPGRADING to ring of resist corrosion.
  3570 | D:5      | 3570 ||| READING 2 scrolls labelled DEANEV OVEITU.
  3571 | D:5      | 3571 ||| READING 3 scrolls of identify.
  3571 | D:5      | 3571 ||| IDENTIFYING viscous yellow potion
  3572 | D:5      | 3572 ||| READING 2 scrolls of identify.
  3572 | D:5      | 3572 ||| IDENTIFYING golden potion
  3573 | D:5      | 3573 ||| DROPPING scroll of immolation.
  3582 | Ossuary  | Entered an ossuary
  3608 | Ossuary  | 3608 ||| Stepping ~*~*~tactically~*~*~ (stealth).
  3610 | Ossuary  | 3610 ||| Stepping ~*~*~tactically~*~*~ (stealth).
  3618 | Ossuary  | Reached skill level 9 in Unarmed Combat
  3678 | Ossuary  | 3678 ||| Stepping ~*~*~tactically~*~*~ (stealth).
  3680 | Ossuary  | 3680 ||| Stepping ~*~*~tactically~*~*~ (stealth).
  3682 | Ossuary  | 3682 ||| Stepping ~*~*~tactically~*~*~ (stealth).
  3686 | Ossuary  | 3686 ||| Stepping ~*~*~tactically~*~*~ (outnumbered).
  3695 | Ossuary  | 3695 ||| Stepping ~*~*~tactically~*~*~ (stealth).
  3698 | Ossuary  | 3698 ||| Stepping ~*~*~tactically~*~*~ (outnumbered).
  3709 | Ossuary  | 3709 ||| Stepping ~*~*~tactically~*~*~ (stealth).
  3796 | Ossuary  | 3796 ||| Stepping ~*~*~tactically~*~*~ (stealth).
  3800 | Ossuary  | Reached skill level 10 in Unarmed Combat
  3800 | Ossuary  | 3800 ||| Stepping ~*~*~tactically~*~*~ (stealth).
  3839 | Ossuary  | 3839 ||| Stepping ~*~*~tactically~*~*~ (stealth).
  3883 | Ossuary  | 3883 ||| Stepping ~*~*~tactically~*~*~ (stealth).
  3890 | Ossuary  | Reached XP level 9. HP: 79/84 MP: 9/9
  3941 | Ossuary  | 3941 ||| READING 2 scrolls labelled ZOT PYORIOWKAF.
  3942 | Ossuary  | 3942 ||| READING scroll labelled RAN FEDDOMIS.
  3943 | Ossuary  | 3943 ||| DRINKING 2 lumpy pink potions.
  3943 | Ossuary  | Gained mutation: You are agile. (Dex +4, Str/Int -1)
                  | [potion of mutation]
  3944 | Ossuary  | 3944 ||| DRINKING 2 clear potions.
  3945 | Ossuary  | 3945 ||| DRINKING 2 ruby potions.
  3990 | Ossuary  | 3990 ||| READING 3 scrolls of identify.
  3990 | Ossuary  | 3990 ||| IDENTIFYING bubbling green potion
  3991 | Ossuary  | 3991 ||| READING 2 scrolls of identify.
  3991 | Ossuary  | 3991 ||| IDENTIFYING metallic emerald potion
  3992 | Ossuary  | 3992 ||| DROPPING potion of invisibility.
  3993 | Ossuary  | 3993 ||| DROPPING potion of attraction.
  3994 | Ossuary  | 3994 ||| DROPPING potion of brilliance.
  3995 | Ossuary  | 3995 ||| DROPPING potion of lignification.
  3996 | Ossuary  | 3996 ||| DROPPING scroll of magic mapping.
  4056 | D:5      | 4056 ||| PLANNING D:1-11
  4093 | D:5      | Noticed Ijyb
  4100 | D:5      | Killed Ijyb
  4232 | D:5      | Reached skill level 11 in Unarmed Combat
  4232 | D:5      | Found an ornate altar of the Wu Jian Council.
  4422 | D:6      | 4422 ||| Stepping ~*~*~tactically~*~*~ (outnumbered).
  4423 | D:6      | 4423 ||| Stepping ~*~*~tactically~*~*~ (outnumbered).
  4424 | D:6      | 4424 ||| Stepping ~*~*~tactically~*~*~ (outnumbered).
  4425 | D:6      | 4425 ||| Stepping ~*~*~tactically~*~*~ (outnumbered).
  4426 | D:6      | 4426 ||| Stepping ~*~*~tactically~*~*~ (outnumbered).
  4427 | D:6      | 4427 ||| Stepping ~*~*~tactically~*~*~ (outnumbered).
  4428 | D:6      | 4428 ||| INVOKING Fiery Armour.
  4429 | D:6      | HP: 15/78 [wight/+0 morningstar (9)]
  4429 | D:6      | HP: 7/78 [ice beast (6)]
  4430 | D:6      | 4430 ||| READING 2 scrolls of teleportation.
  4431 | D:6      | 4431 ||| DRINKING 2 potions of heal wounds.
  4671 | D:6      | Identified the +3 chain mail of Distant Worlds {rN+ Int+4}
  4798 | D:6      | 4798 ||| Stepping ~*~*~tactically~*~*~ (stealth).
  5146 | D:6      | 5146 ||| Stepping ~*~*~tactically~*~*~ (stealth).
  5148 | D:6      | 5148 ||| Stepping ~*~*~tactically~*~*~ (stealth).
  5217 | D:6      | Reached skill level 12 in Unarmed Combat
  5331 | D:6      | 5331 ||| UPGRADING to +4 ring of protection.
  5332 | D:6      | 5332 ||| READING scroll labelled WOICEN GASOT.
  5332 | D:6      | Identified a scroll of acquirement
  5332 | D:6      | 5332 ||| ACQUIRING ring "Kiemm" {rC++ EV+4 SInv}
  5332 | D:6      | Acquired the ring "Kiemm" {rC++ EV+4 SInv}
  5334 | D:6      | 5334 ||| UPGRADING to ring "Kiemm" {rC++ EV+4 SInv}.
  5336 | D:6      | 5336 ||| DROPPING ring of resist corrosion.
  5337 | D:6      | 5337 ||| DRINKING 2 silvery potions.
  5441 | D:6      | 5441 ||| DROPPING potion of berserk rage.
  5496 | D:7      | 5496 ||| Stepping ~*~*~tactically~*~*~ (hiding).
  5513 | D:7      | Found a staircase to the Ecumenical Temple.
  5591 | D:7      | Reached skill level 3 in Dodging
  5597 | D:7      | 5597 ||| Stepping ~*~*~tactically~*~*~ (outnumbered).
  5598 | D:7      | 5598 ||| Stepping ~*~*~tactically~*~*~ (hiding).
  5602 | D:7      | 5602 ||| Stepping ~*~*~tactically~*~*~ (hiding).
  5604 | D:7      | 5604 ||| Stepping ~*~*~tactically~*~*~ (outnumbered).
  5612 | D:7      | 5612 ||| Stepping ~*~*~tactically~*~*~ (outnumbered).
  5616 | D:7      | 5616 ||| Stepping ~*~*~tactically~*~*~ (outnumbered).
  5619 | D:7      | 5619 ||| INVOKING Fiery Armour.
  5620 | D:7      | 5620 ||| Stepping ~*~*~tactically~*~*~ (outnumbered).
  5621 | D:7      | 5621 ||| Stepping ~*~*~tactically~*~*~ (outnumbered).
  5622 | D:7      | 5622 ||| Stepping ~*~*~tactically~*~*~ (outnumbered).
  5623 | D:7      | 5623 ||| Stepping ~*~*~tactically~*~*~ (hiding).
  5713 | D:7      | Found a runed translucent gate.
  5714 | D:7      | Noticed qw's ghost (novice TeWr)
  5719 | D:7      | Noticed a troll
  5733 | D:7      | 5733 ||| Stepping ~*~*~tactically~*~*~ (hiding).
  5734 | D:7      | 5734 ||| Stepping ~*~*~tactically~*~*~ (hiding).
  5736 | D:7      | 5736 ||| Stepping ~*~*~tactically~*~*~ (hiding).
  5739 | D:7      | 5739 ||| INVOKING Fiery Armour.
  5742 | D:7      | 5742 ||| Stepping ~*~*~tactically~*~*~ (hiding).
  5743 | D:7      | 5743 ||| Stepping ~*~*~tactically~*~*~ (hiding).
  6068 | D:7      | Found a runed translucent gate.
  6068 | D:7      | Found a runed translucent gate.
  6330 | D:7      | Paralysed by a hornet for 1 turns
  6335 | D:7      | Reached XP level 10. HP: 73/96 MP: 10/10
  6422 | D:7      | 6422 ||| UPGRADING to amulet of reflection.
  6455 | D:8      | 6455 ||| STAIRDANCE
  6551 | D:8      | 6551 ||| FLEEEEING.
  6552 | D:8      | 6552 ||| FLEEEEING.
  6553 | D:8      | 6553 ||| FLEEEEING.
  6554 | D:8      | 6554 ||| FLEEEEING.
  6555 | D:8      | 6555 ||| FLEEEEING.
  6556 | D:8      | 6556 ||| FLEEEEING.
  6557 | D:8      | 6557 ||| FLEEEEING.
  6558 | D:8      | 6558 ||| FLEEEEING.
  6570 | D:8      | 6570 ||| Stepping ~*~*~tactically~*~*~ (stealth).
  6656 | D:8      | 6656 ||| Stepping ~*~*~tactically~*~*~ (stealth).
  6657 | D:8      | 6657 ||| Stepping ~*~*~tactically~*~*~ (stealth).
  6659 | D:8      | 6659 ||| Stepping ~*~*~tactically~*~*~ (stealth).
  6661 | D:8      | 6661 ||| Stepping ~*~*~tactically~*~*~ (hiding).
  6676 | D:8      | 6676 ||| Stepping ~*~*~tactically~*~*~ (stealth).
  6680 | D:8      | 6680 ||| Stepping ~*~*~tactically~*~*~ (stealth).
  6708 | D:8      | 6708 ||| Stepping ~*~*~tactically~*~*~ (stealth).
  6720 | D:8      | Reached skill level 13 in Unarmed Combat
  6720 | D:8      | 6720 ||| FLEEEEING.
  6721 | D:8      | 6721 ||| FLEEEEING.
  6722 | D:8      | 6722 ||| FLEEEEING.
  6723 | D:8      | 6723 ||| FLEEEEING.
  6727 | D:8      | 6727 ||| FLEEEEING.
  6728 | D:8      | 6728 ||| FLEEEEING.
  6729 | D:8      | 6729 ||| FLEEEEING.
  6730 | D:8      | 6730 ||| FLEEEEING.
  6745 | D:8      | 6745 ||| FLEEEEING.
  6746 | D:8      | 6746 ||| FLEEEEING.
  6747 | D:8      | 6747 ||| FLEEEEING.
  6748 | D:8      | 6748 ||| FLEEEEING.
  6754 | D:8      | 6754 ||| FLEEEEING.
  6755 | D:8      | 6755 ||| FLEEEEING.
  6786 | D:8      | 6786 ||| Stepping ~*~*~tactically~*~*~ (stealth).
  6788 | D:8      | Noticed Maurice
  6793 | D:8      | 6793 ||| Stepping ~*~*~tactically~*~*~ (hiding).
  6806 | D:8      | Killed Maurice
  6808 | D:8      | 6808 ||| Stepping ~*~*~tactically~*~*~ (stealth).
  7184 | D:8      | 7184 ||| Stepping ~*~*~tactically~*~*~ (stealth).
  7185 | D:8      | 7185 ||| Stepping ~*~*~tactically~*~*~ (stealth).
  7187 | D:8      | 7187 ||| Stepping ~*~*~tactically~*~*~ (stealth).
  7297 | D:8      | 7297 ||| UPGRADING to +1 cloak of poison resistance.
  7302 | D:8      | 7302 ||| READING 3 scrolls labelled BIWID UREAME.
  7403 | D:8      | 7403 ||| DROPPING 2 scrolls of silence.
  7489 | D:9      | Reached skill level 1 in Armour
  7531 | D:9      | Found a hide-covered altar of Uskayaw.
  7539 | D:9      | Noticed a two-headed ogre
  7549 | D:9      | Killed a two-headed ogre
  7550 | D:9      | Reached skill level 14 in Unarmed Combat
  7622 | D:9      | Reached XP level 11. HP: 92/104 MP: 11/11
  7648 | D:9      | Noticed Harold
  7652 | D:9      | Killed Harold
  7653 | D:9      | Reached skill level 6 in Fighting
  7703 | D:9      | Noticed a two-headed ogre
  7710 | D:9      | Killed a two-headed ogre
  7721 | D:9      | Noticed Erica
  7722 | D:9      | 7722 ||| Stepping ~*~*~tactically~*~*~ (hiding).
  7724 | D:9      | 7724 ||| Stepping ~*~*~tactically~*~*~ (hiding).
  7727 | D:9      | 7727 ||| INVOKING Fiery Armour.
  7733 | D:9      | Killed Erica
  7777 | D:9      | Noticed a two-headed ogre
  7785 | D:9      | Killed a two-headed ogre
  7883 | D:9      | 7883 ||| Stepping ~*~*~tactically~*~*~ (hiding).
  7967 | D:9      | Found a runed translucent gate.
  7967 | D:9      | Found a runed translucent gate.
  7968 | D:9      | Found a runed translucent gate.
  7969 | D:9      | Noticed qw's ghost (novice TrCA)
  7972 | D:9      | 7972 ||| DROPPING +1 robe of willpower.
  7973 | D:9      | 7973 ||| UPGRADING to +2 robe of willpower.
  7983 | D:9      | 7983 ||| READING 2 scrolls labelled QEVIOJ PAHEQA.
  7984 | D:9      | 7984 ||| DRINKING 2 viscous white potions.
  7985 | D:9      | 7985 ||| DROPPING potion of flight.
  7986 | D:9      | 7986 ||| DROPPING scroll of fear.
  8037 | D:10     | Entered Level 10 of the Dungeon
  8060 | D:10     | 8060 ||| Stepping ~*~*~tactically~*~*~ (stealth).
  8062 | D:10     | 8062 ||| Stepping ~*~*~tactically~*~*~ (stealth).
  8065 | D:10     | 8065 ||| Stepping ~*~*~tactically~*~*~ (stealth).
  8066 | D:10     | 8066 ||| Stepping ~*~*~tactically~*~*~ (stealth).
  8068 | D:10     | 8068 ||| Stepping ~*~*~tactically~*~*~ (stealth).
  8070 | D:10     | 8070 ||| Stepping ~*~*~tactically~*~*~ (stealth).
  8071 | D:10     | 8071 ||| Stepping ~*~*~tactically~*~*~ (stealth).
  8072 | D:10     | 8072 ||| Stepping ~*~*~tactically~*~*~ (outnumbered).
  8073 | D:10     | 8073 ||| Stepping ~*~*~tactically~*~*~ (outnumbered).
  8074 | D:10     | 8074 ||| Stepping ~*~*~tactically~*~*~ (outnumbered).
  8075 | D:10     | 8075 ||| Stepping ~*~*~tactically~*~*~ (stealth).
  8076 | D:10     | 8076 ||| Stepping ~*~*~tactically~*~*~ (stealth).
  8085 | D:10     | Reached skill level 15 in Unarmed Combat
  8169 | D:10     | Found a staircase to the Lair.
  8321 | D:10     | 8321 ||| Stepping ~*~*~tactically~*~*~ (hiding).
  8471 | D:10     | 8471 ||| Stepping ~*~*~tactically~*~*~ (stealth).
  8567 | D:10     | 8567 ||| Stepping ~*~*~tactically~*~*~ (outnumbered).
  8869 | D:10     | Found a large runed translucent door.
  8870 | D:10     | Found a large runed translucent door.
  8901 | D:10     | 8901 ||| INVOKING Fiery Armour.
  8904 | D:10     | 8904 ||| Stepping ~*~*~tactically~*~*~ (outnumbered).
  8905 | D:10     | 8905 ||| Stepping ~*~*~tactically~*~*~ (outnumbered).
  8906 | D:10     | 8906 ||| Stepping ~*~*~tactically~*~*~ (outnumbered).
  8907 | D:10     | 8907 ||| Stepping ~*~*~tactically~*~*~ (outnumbered).
  8908 | D:10     | 8908 ||| Stepping ~*~*~tactically~*~*~ (outnumbered).
  8909 | D:10     | 8909 ||| Stepping ~*~*~tactically~*~*~ (outnumbered).
  8910 | D:10     | 8910 ||| Stepping ~*~*~tactically~*~*~ (outnumbered).
  8911 | D:10     | 8911 ||| Stepping ~*~*~tactically~*~*~ (outnumbered).
  8912 | D:10     | 8912 ||| Stepping ~*~*~tactically~*~*~ (outnumbered).
  8913 | D:10     | 8913 ||| Stepping ~*~*~tactically~*~*~ (outnumbered).
  8914 | D:10     | 8914 ||| Stepping ~*~*~tactically~*~*~ (outnumbered).
  8915 | D:10     | 8915 ||| Stepping ~*~*~tactically~*~*~ (outnumbered).
  8916 | D:10     | 8916 ||| Stepping ~*~*~tactically~*~*~ (outnumbered).
  8917 | D:10     | 8917 ||| Stepping ~*~*~tactically~*~*~ (outnumbered).
  8918 | D:10     | 8918 ||| Stepping ~*~*~tactically~*~*~ (outnumbered).
  8920 | D:10     | 8920 ||| Stepping ~*~*~tactically~*~*~ (outnumbered).
  8921 | D:10     | 8921 ||| Stepping ~*~*~tactically~*~*~ (outnumbered).
  8929 | D:10     | 8929 ||| Stepping ~*~*~tactically~*~*~ (outnumbered).
  8931 | D:10     | 8931 ||| Stepping ~*~*~tactically~*~*~ (outnumbered).
  8932 | D:10     | 8932 ||| Stepping ~*~*~tactically~*~*~ (outnumbered).
  8938 | D:10     | Reached skill level 16 in Unarmed Combat
  9154 | D:10     | 9154 ||| READING scroll labelled LIOBLA BABLEA.
  9155 | D:10     | 9155 ||| PLANNING LAIR
  9155 | D:10     | 9155 ||| READING 3 scrolls of identify.
  9155 | D:10     | 9155 ||| IDENTIFYING sapphire potion
  9156 | D:10     | 9156 ||| READING 2 scrolls of identify.
  9156 | D:10     | 9156 ||| IDENTIFYING white potion
  9157 | D:10     | 9157 ||| DROPPING potion of magic.
  9192 | Lair:1   | Entered Level 1 of the Lair of Beasts
  9269 | Lair:1   | 9269 ||| Stepping ~*~*~tactically~*~*~ (hiding).
  9371 | Lair:1   | 9371 ||| Stepping ~*~*~tactically~*~*~ (hiding).
  9373 | Lair:1   | 9373 ||| Stepping ~*~*~tactically~*~*~ (hiding).
  9403 | Lair:1   | Found a dark tunnel.
  9446 | Lair:1   | 9446 ||| Stepping ~*~*~tactically~*~*~ (outnumbered).
  9447 | Lair:1   | 9447 ||| Stepping ~*~*~tactically~*~*~ (outnumbered).
  9448 | Lair:1   | 9448 ||| Stepping ~*~*~tactically~*~*~ (outnumbered).
  9551 | Lair:1   | 9551 ||| INVOKING Fiery Armour.
  9556 | Lair:1   | Reached XP level 12. HP: 118/118 MP: 12/12
  9623 | Lair:1   | Noticed a death yak
  9625 | Lair:1   | Noticed a death yak
  9632 | Lair:1   | Killed a death yak
  9637 | Lair:1   | Killed a death yak
  9645 | Lair:1   | 9645 ||| Stepping ~*~*~tactically~*~*~ (outnumbered).
  9646 | Lair:1   | 9646 ||| Stepping ~*~*~tactically~*~*~ (outnumbered).
  9654 | Lair:1   | 9654 ||| Stepping ~*~*~tactically~*~*~ (outnumbered).
  9655 | Lair:1   | 9655 ||| Stepping ~*~*~tactically~*~*~ (outnumbered).
  9656 | Lair:1   | 9656 ||| Stepping ~*~*~tactically~*~*~ (outnumbered).
  9657 | Lair:1   | 9657 ||| Stepping ~*~*~tactically~*~*~ (outnumbered).
  9659 | Lair:1   | 9659 ||| Stepping ~*~*~tactically~*~*~ (outnumbered).
  9660 | Lair:1   | 9660 ||| Stepping ~*~*~tactically~*~*~ (outnumbered).
  9662 | Lair:1   | 9662 ||| Stepping ~*~*~tactically~*~*~ (outnumbered).
  9664 | Lair:1   | 9664 ||| Stepping ~*~*~tactically~*~*~ (outnumbered).
  9665 | Lair:1   | 9665 ||| INVOKING Fiery Armour.
  9666 | Lair:1   | 9666 ||| Stepping ~*~*~tactically~*~*~ (outnumbered).
  9668 | Lair:1   | 9668 ||| Stepping ~*~*~tactically~*~*~ (outnumbered).
  9669 | Lair:1   | 9669 ||| Stepping ~*~*~tactically~*~*~ (outnumbered).
  9670 | Lair:1   | 9670 ||| Stepping ~*~*~tactically~*~*~ (outnumbered).
  9679 | Lair:1   | Reached skill level 17 in Unarmed Combat
 10161 | Lair:1   | 10161 ||| DRINKING 2 cyan potions.
 10162 | Lair:1   | 10162 ||| DROPPING potion of degeneration.
 10196 | Lair:2   | 10196 ||| Stepping ~*~*~tactically~*~*~ (stealth).
 10273 | Lair:2   | 10273 ||| Stepping ~*~*~tactically~*~*~ (stealth).
 10274 | Lair:2   | 10274 ||| Stepping ~*~*~tactically~*~*~ (stealth).
 10292 | Lair:2   | 10292 ||| INVOKING Fiery Armour.
 10359 | Lair:2   | Found a hole to the Spider Nest.
 10373 | Lair:2   | 10373 ||| Stepping ~*~*~tactically~*~*~ (stealth).
 10409 | Lair:2   | 10409 ||| Stepping ~*~*~tactically~*~*~ (stealth).
 10422 | Lair:2   | 10422 ||| Stepping ~*~*~tactically~*~*~ (outnumbered).
 10423 | Lair:2   | 10423 ||| Stepping ~*~*~tactically~*~*~ (outnumbered).
 10424 | Lair:2   | 10424 ||| Stepping ~*~*~tactically~*~*~ (outnumbered).
 10426 | Lair:2   | 10426 ||| Stepping ~*~*~tactically~*~*~ (outnumbered).
 10427 | Lair:2   | 10427 ||| Stepping ~*~*~tactically~*~*~ (outnumbered).
 10429 | Lair:2   | 10429 ||| INVOKING Fiery Armour.
 10448 | Lair:2   | Reached skill level 18 in Unarmed Combat
 10462 | Lair:2   | Noticed an eight-headed hydra
 10478 | Lair:2   | Killed an 11-headed hydra
 10488 | Lair:2   | HP: 24/119 [blink frog (11)]
 10489 | Lair:2   | 10489 ||| READING 4 scrolls of teleportation.
 10489 | Lair:2   | HP: 11/119 [komodo dragon (15)]
 10490 | Lair:2   | 10490 ||| DRINKING 3 potions of heal wounds.
 10491 | Lair:2   | 10491 ||| DRINKING 2 potions of heal wounds.
 10492 | Lair:2   | 10492 ||| DRINKING potion of heal wounds.
 10492 | Lair:2   | Found a staircase to the Shoals.
 10493 | Lair:2   | 10493 ||| PLANNING TEMPLE
 10791 | Temple   | Entered the Ecumenical Temple
 10792 | Temple   | 10792 ||| PLANNING CONVERSION TO OKAWARU
 10799 | Temple   | Fell from the grace of Ignis
 10799 | Temple   | Became a worshipper of Warmaster Okawaru
 10800 | Temple   | 10800 ||| PLANNING LAIR
 11048 | Lair:2   | 11048 ||| Stepping ~*~*~tactically~*~*~ (hiding).
 11050 | Lair:2   | 11050 ||| Stepping ~*~*~tactically~*~*~ (hiding).
 11051 | Lair:2   | 11051 ||| Stepping ~*~*~tactically~*~*~ (hiding).
 11093 | Lair:2   | 11093 ||| Stepping ~*~*~tactically~*~*~ (stealth).
 11095 | Lair:2   | 11095 ||| Stepping ~*~*~tactically~*~*~ (stealth).
 11116 | Lair:2   | Reached XP level 13. HP: 127/127 MP: 13/13
 11117 | Lair:2   | 11117 ||| Stepping ~*~*~tactically~*~*~ (outnumbered).
 11118 | Lair:2   | 11118 ||| Stepping ~*~*~tactically~*~*~ (outnumbered).
 11119 | Lair:2   | 11119 ||| Stepping ~*~*~tactically~*~*~ (outnumbered).
 11120 | Lair:2   | 11120 ||| Stepping ~*~*~tactically~*~*~ (outnumbered).
 11122 | Lair:2   | 11122 ||| Stepping ~*~*~tactically~*~*~ (outnumbered).
 11126 | Lair:2   | 11126 ||| Stepping ~*~*~tactically~*~*~ (outnumbered).
 11127 | Lair:2   | 11127 ||| Stepping ~*~*~tactically~*~*~ (outnumbered).
 11128 | Lair:2   | 11128 ||| Stepping ~*~*~tactically~*~*~ (outnumbered).
 11129 | Lair:2   | 11129 ||| Stepping ~*~*~tactically~*~*~ (outnumbered).
 11130 | Lair:2   | 11130 ||| Stepping ~*~*~tactically~*~*~ (outnumbered).
 11132 | Lair:2   | Reached * piety under Okawaru
 11141 | Lair:2   | 11141 ||| INVOKING Heroism.
 11144 | Lair:2   | Reached skill level 1 in Invocations
 11204 | Lair:2   | You fall into a shaft and drop 1 floor!
 11213 | Lair:2   | 11213 ||| INVOKING Heroism.
 11488 | Lair:2   | 11488 ||| Stepping ~*~*~tactically~*~*~ (stealth).
 11489 | Lair:2   | 11489 ||| Stepping ~*~*~tactically~*~*~ (stealth).
 11595 | Lair:2   | 11595 ||| Stepping ~*~*~tactically~*~*~ (hiding).
 11629 | Lair:2   | 11629 ||| READING 3 scrolls of identify.
 11629 | Lair:2   | 11629 ||| IDENTIFYING yellow potion
 11630 | Lair:2   | 11630 ||| DROPPING potion of ambrosia.
 11685 | Lair:3   | 11685 ||| INVOKING Heroism.
 11775 | Lair:3   | 11775 ||| INVOKING Heroism.
 11806 | Lair:3   | 11806 ||| INVOKING Heroism.
 11875 | Lair:3   | 11875 ||| Stepping ~*~*~tactically~*~*~ (stealth).
 11877 | Lair:3   | 11877 ||| Stepping ~*~*~tactically~*~*~ (stealth).
 11878 | Lair:3   | 11878 ||| Stepping ~*~*~tactically~*~*~ (stealth).
 11879 | Lair:3   | 11879 ||| Stepping ~*~*~tactically~*~*~ (stealth).
 11880 | Lair:3   | 11880 ||| INVOKING Heroism.
 11886 | Lair:3   | 11886 ||| Stepping ~*~*~tactically~*~*~ (stealth).
 11888 | Lair:3   | 11888 ||| Stepping ~*~*~tactically~*~*~ (stealth).
 11889 | Lair:3   | 11889 ||| Stepping ~*~*~tactically~*~*~ (stealth).
 11894 | Lair:3   | 11894 ||| Stepping ~*~*~tactically~*~*~ (outnumbered).
 11895 | Lair:3   | 11895 ||| Stepping ~*~*~tactically~*~*~ (hiding).
 11896 | Lair:3   | 11896 ||| Stepping ~*~*~tactically~*~*~ (outnumbered).
 11897 | Lair:3   | 11897 ||| Stepping ~*~*~tactically~*~*~ (outnumbered).
 11898 | Lair:3   | 11898 ||| Stepping ~*~*~tactically~*~*~ (outnumbered).
 11899 | Lair:3   | 11899 ||| Stepping ~*~*~tactically~*~*~ (outnumbered).
 11900 | Lair:3   | 11900 ||| Stepping ~*~*~tactically~*~*~ (outnumbered).
 11901 | Lair:3   | 11901 ||| Stepping ~*~*~tactically~*~*~ (outnumbered).
 11904 | Lair:3   | Reached skill level 3 in Invocations
 11905 | Lair:3   | 11905 ||| Stepping ~*~*~tactically~*~*~ (outnumbered).
 11906 | Lair:3   | 11906 ||| Stepping ~*~*~tactically~*~*~ (outnumbered).
 11930 | Lair:3   | 11930 ||| READING 3 scrolls of teleportation.
 11935 | Lair:3   | 11935 ||| INVOKING Heroism.
 11940 | Lair:3   | 11940 ||| Stepping ~*~*~tactically~*~*~ (outnumbered).
 11941 | Lair:3   | 11941 ||| Stepping ~*~*~tactically~*~*~ (outnumbered).
 11942 | Lair:3   | 11942 ||| Stepping ~*~*~tactically~*~*~ (outnumbered).
 11943 | Lair:3   | 11943 ||| Stepping ~*~*~tactically~*~*~ (outnumbered).
 11944 | Lair:3   | 11944 ||| Stepping ~*~*~tactically~*~*~ (outnumbered).
 11945 | Lair:3   | 11945 ||| Stepping ~*~*~tactically~*~*~ (outnumbered).
 11946 | Lair:3   | 11946 ||| Stepping ~*~*~tactically~*~*~ (outnumbered).
 11948 | Lair:3   | Reached ** piety under Okawaru
 11949 | Lair:3   | 11949 ||| Stepping ~*~*~tactically~*~*~ (outnumbered).
 11950 | Lair:3   | 11950 ||| STAIRDANCE
 12092 | Lair:3   | 12092 ||| INVOKING Heroism.
 12093 | Lair:3   | 12093 ||| Stepping ~*~*~tactically~*~*~ (outnumbered).
 12094 | Lair:3   | 12094 ||| Stepping ~*~*~tactically~*~*~ (outnumbered).
 12095 | Lair:3   | 12095 ||| Stepping ~*~*~tactically~*~*~ (outnumbered).
 12096 | Lair:3   | 12096 ||| Stepping ~*~*~tactically~*~*~ (outnumbered).
 12097 | Lair:3   | 12097 ||| Stepping ~*~*~tactically~*~*~ (outnumbered).
 12098 | Lair:3   | 12098 ||| Stepping ~*~*~tactically~*~*~ (stealth).
 12108 | Lair:3   | 12108 ||| Stepping ~*~*~tactically~*~*~ (stealth).
 12117 | Lair:3   | 12117 ||| INVOKING Heroism.
 12124 | Lair:3   | Reached skill level 19 in Unarmed Combat
 12220 | Lair:3   | Noticed Snorg
 12221 | Lair:3   | 12221 ||| INVOKING Heroism.
 12225 | Lair:3   | 12225 ||| Stepping ~*~*~tactically~*~*~ (stealth).
 12226 | Lair:3   | 12226 ||| Stepping ~*~*~tactically~*~*~ (stealth).
 12230 | Lair:3   | 12230 ||| Stepping ~*~*~tactically~*~*~ (outnumbered).
 12233 | Lair:3   | Killed Snorg
 12242 | Lair:3   | 12242 ||| INVOKING Heroism.
 12543 | Lair:3   | You fall into a shaft and drop 1 floor!
 12583 | Lair:4   | 12583 ||| INVOKING Heroism.
 12589 | Lair:4   | 12589 ||| Stepping ~*~*~tactically~*~*~ (stealth).
 12592 | Lair:4   | Reached *** piety under Okawaru
 12593 | Lair:4   | Reached skill level 9 in Fighting
 12593 | Lair:4   | 12593 ||| Stepping ~*~*~tactically~*~*~ (outnumbered).
 12601 | Lair:4   | 12601 ||| INVOKING Heroism.
 12683 | Lair:4   | Found a viscous altar of Jiyva.
 12684 | Lair:4   | Found a staircase to the Slime Pits.
 12696 | Lair:3   | 12696 ||| INVOKING Heroism.
 12740 | Lair:3   | 12740 ||| Stepping ~*~*~tactically~*~*~ (stealth).
 12742 | Lair:3   | 12742 ||| Stepping ~*~*~tactically~*~*~ (stealth).
 12747 | Lair:3   | Received a gift from Okawaru
 13315 | Lair:4   | 13315 ||| Stepping ~*~*~tactically~*~*~ (hiding).
 13322 | Lair:4   | Reached skill level 6 in Throwing
 13462 | Lair:4   | 13462 ||| INVOKING Heroism.
 13541 | Lair:4   | 13541 ||| INVOKING Heroism.
 13578 | Lair:4   | Identified the +5 ring mail of an ossuary {rCorr Int+4
                  | Dex-2}
 13633 | Lair:4   | 13633 ||| Stepping ~*~*~tactically~*~*~ (stealth).
 13636 | Lair:4   | 13636 ||| Stepping ~*~*~tactically~*~*~ (stealth).
 13638 | Lair:4   | 13638 ||| INVOKING Heroism.
 13649 | Lair:4   | 13649 ||| Stepping ~*~*~tactically~*~*~ (outnumbered).
 13650 | Lair:4   | 13650 ||| Stepping ~*~*~tactically~*~*~ (outnumbered).
 13651 | Lair:4   | 13651 ||| Stepping ~*~*~tactically~*~*~ (outnumbered).
 13658 | Lair:4   | Reached **** piety under Okawaru
 13695 | Lair:4   | 13695 ||| INVOKING Heroism.
 13700 | Lair:4   | 13700 ||| Stepping ~*~*~tactically~*~*~ (outnumbered).
 13704 | Lair:4   | 13704 ||| Stepping ~*~*~tactically~*~*~ (outnumbered).
 13705 | Lair:4   | 13705 ||| Stepping ~*~*~tactically~*~*~ (outnumbered).
 13815 | Lair:4   | 13815 ||| Stepping ~*~*~tactically~*~*~ (stealth).
 14076 | Lair:5   | Entered Level 5 of the Lair of Beasts
 14077 | Lair:5   | 14077 ||| INVOKING Heroism.
 14078 | Lair:5   | 14078 ||| STAIRDANCE
 14094 | Lair:5   | 14094 ||| STAIRDANCE
 14173 | Lair:5   | 14173 ||| INVOKING Heroism.
 14182 | Lair:5   | Reached XP level 14. HP: 136/140 MP: 14/16
 14220 | Lair:5   | 14220 ||| INVOKING Heroism.
 14223 | Lair:5   | 14223 ||| Stepping ~*~*~tactically~*~*~ (cloud).
 14227 | Lair:5   | 14227 ||| Stepping ~*~*~tactically~*~*~ (cloud).
 14232 | Lair:5   | 14232 ||| Stepping ~*~*~tactically~*~*~ (outnumbered).
 14234 | Lair:5   | 14234 ||| Stepping ~*~*~tactically~*~*~ (outnumbered).
 14236 | Lair:5   | 14236 ||| Stepping ~*~*~tactically~*~*~ (cloud).
 14244 | Lair:5   | Received a gift from Okawaru
 14249 | Lair:5   | 14249 ||| FLEEEEING.
 14256 | Lair:5   | 14256 ||| STAIRDANCE
 14280 | Lair:5   | 14280 ||| Stepping ~*~*~tactically~*~*~ (stealth).
 14282 | Lair:5   | 14282 ||| Stepping ~*~*~tactically~*~*~ (stealth).
 14285 | Lair:5   | 14285 ||| INVOKING Heroism.
 14338 | Lair:5   | 14338 ||| INVOKING Heroism.
 14346 | Lair:5   | Reached ***** piety under Okawaru
 14346 | Lair:5   | Received a gift from Okawaru
 14404 | Lair:5   | 14404 ||| INVOKING Heroism.
 14411 | Lair:5   | Reached skill level 6 in Invocations
 14413 | Lair:5   | 14413 ||| Stepping ~*~*~tactically~*~*~ (outnumbered).
 14414 | Lair:5   | 14414 ||| Stepping ~*~*~tactically~*~*~ (outnumbered).
 14416 | Lair:5   | 14416 ||| Stepping ~*~*~tactically~*~*~ (outnumbered).
 14417 | Lair:5   | 14417 ||| Stepping ~*~*~tactically~*~*~ (outnumbered).
 14418 | Lair:5   | 14418 ||| Stepping ~*~*~tactically~*~*~ (outnumbered).
 14419 | Lair:5   | 14419 ||| Stepping ~*~*~tactically~*~*~ (outnumbered).
 14420 | Lair:5   | 14420 ||| Stepping ~*~*~tactically~*~*~ (outnumbered).
 14421 | Lair:5   | 14421 ||| Stepping ~*~*~tactically~*~*~ (outnumbered).
 14424 | Lair:5   | 14424 ||| Stepping ~*~*~tactically~*~*~ (outnumbered).
 14425 | Lair:5   | 14425 ||| Stepping ~*~*~tactically~*~*~ (outnumbered).
 14426 | Lair:5   | 14426 ||| Stepping ~*~*~tactically~*~*~ (outnumbered).
 14432 | Lair:5   | 14432 ||| INVOKING Heroism.
 14443 | Lair:5   | 14443 ||| INVOKING Finesse.
 14444 | Lair:5   | 14444 ||| INVOKING Finesse.
 14445 | Lair:5   | 14445 ||| INVOKING Finesse.
 14455 | Lair:5   | Received a gift from Okawaru
 14499 | Lair:5   | 14499 ||| Stepping ~*~*~tactically~*~*~ (stealth).
 14505 | Lair:5   | 14505 ||| INVOKING Heroism.
 14610 | Lair:5   | 14610 ||| Stepping ~*~*~tactically~*~*~ (stealth).
 14616 | Lair:5   | 14616 ||| INVOKING Heroism.
 14617 | Lair:5   | 14617 ||| INVOKING Finesse.
 14625 | Lair:5   | 14625 ||| Stepping ~*~*~tactically~*~*~ (outnumbered).
 14698 | Lair:5   | 14698 ||| Stepping ~*~*~tactically~*~*~ (stealth).
 14703 | Lair:5   | 14703 ||| INVOKING Heroism.
 14720 | Lair:5   | 14720 ||| Stepping ~*~*~tactically~*~*~ (stealth).
 14754 | Lair:5   | 14754 ||| Stepping ~*~*~tactically~*~*~ (stealth).
 14769 | Lair:5   | 14769 ||| Stepping ~*~*~tactically~*~*~ (stealth).
 14770 | Lair:5   | 14770 ||| INVOKING Heroism.
 14781 | Lair:5   | Reached skill level 20 in Unarmed Combat
 14801 | Lair:5   | 14801 ||| Stepping ~*~*~tactically~*~*~ (stealth).
 14842 | Lair:5   | 14842 ||| INVOKING Heroism.
 14843 | Lair:5   | 14843 ||| INVOKING Finesse.
 14865 | Lair:5   | 14865 ||| Stepping ~*~*~tactically~*~*~ (stealth).
 14915 | Lair:5   | 14915 ||| INVOKING Heroism.
 14931 | Lair:5   | Received a gift from Okawaru
 14960 | Lair:5   | 14960 ||| Stepping ~*~*~tactically~*~*~ (stealth).
 14967 | Lair:5   | 14967 ||| INVOKING Heroism.
 14968 | Lair:5   | 14968 ||| INVOKING Finesse.
 14969 | Lair:5   | 14969 ||| INVOKING Finesse.
 14996 | Lair:5   | Received a gift from Okawaru
 15058 | Lair:5   | 15058 ||| Stepping ~*~*~tactically~*~*~ (stealth).
 15067 | Lair:5   | 15067 ||| INVOKING Heroism.
 15198 | Lair:5   | 15198 ||| Stepping ~*~*~tactically~*~*~ (stealth).
 15318 | Lair:5   | 15318 ||| Stepping ~*~*~tactically~*~*~ (stealth).
 15319 | Lair:5   | 15319 ||| Stepping ~*~*~tactically~*~*~ (stealth).
 15320 | Lair:5   | 15320 ||| INVOKING Heroism.
 15324 | Lair:5   | 15324 ||| Stepping ~*~*~tactically~*~*~ (outnumbered).
 15327 | Lair:5   | 15327 ||| Stepping ~*~*~tactically~*~*~ (outnumbered).
 15421 | Lair:5   | 15421 ||| PLANNING D:1-11
 15421 | Lair:5   | 15421 ||| DROPPING amulet of faith.
 15612 | D:11     | 15612 ||| STAIRDANCE
 15676 | D:11     | 15676 ||| STAIRDANCE
 15731 | D:11     | 15731 ||| STAIRDANCE
 15779 | D:11     | 15779 ||| STAIRDANCE
 15781 | D:10     | 15781 ||| Stepping ~*~*~tactically~*~*~ (outnumbered).
 15856 | D:11     | 15856 ||| Stepping ~*~*~tactically~*~*~ (outnumbered).
 15857 | D:11     | 15857 ||| Stepping ~*~*~tactically~*~*~ (outnumbered).
 15858 | D:11     | 15858 ||| Stepping ~*~*~tactically~*~*~ (outnumbered).
 15859 | D:11     | 15859 ||| Stepping ~*~*~tactically~*~*~ (outnumbered).
 15860 | D:11     | 15860 ||| Stepping ~*~*~tactically~*~*~ (outnumbered).
 15861 | D:11     | 15861 ||| Stepping ~*~*~tactically~*~*~ (outnumbered).
 15862 | D:11     | 15862 ||| Stepping ~*~*~tactically~*~*~ (outnumbered).
 15864 | D:11     | 15864 ||| Stepping ~*~*~tactically~*~*~ (outnumbered).
 15865 | D:11     | 15865 ||| Stepping ~*~*~tactically~*~*~ (outnumbered).
 15866 | D:11     | 15866 ||| Stepping ~*~*~tactically~*~*~ (outnumbered).
 15867 | D:11     | 15867 ||| Stepping ~*~*~tactically~*~*~ (outnumbered).
 15985 | D:11     | 15985 ||| Stepping ~*~*~tactically~*~*~ (stealth).
 16047 | D:11     | 16047 ||| INVOKING Heroism.
 16048 | D:11     | 16048 ||| INVOKING Finesse.
 16102 | D:11     | Found a staircase to the Orcish Mines.
 16127 | D:11     | 16127 ||| INVOKING Heroism.
 16170 | D:11     | 16170 ||| Stepping ~*~*~tactically~*~*~ (stealth).
 16414 | D:11     | 16414 ||| PLANNING D
 16414 | D:11     | 16414 ||| DROPPING +0 troll leather armour.
 16415 | D:11     | 16415 ||| UPGRADING to +0 acid dragon scales.
 16425 | D:11     | 16425 ||| DROPPING +2 robe of willpower.
 16481 | D:12     | Found a transporter.
 16487 | D:12     | Noticed a sphinx
 16488 | D:12     | Noticed Lytaqeus's ghost (journeyman GnWn)
 16490 | D:12     | Found a transporter.
 16493 | D:12     | 16493 ||| Stepping ~*~*~tactically~*~*~ (stealth).
 16517 | D:12     | 16517 ||| INVOKING Heroism.
 16620 | D:12     | 16620 ||| Stepping ~*~*~tactically~*~*~ (stealth).
 16630 | D:12     | 16630 ||| Stepping ~*~*~tactically~*~*~ (stealth).
 16631 | D:12     | 16631 ||| Stepping ~*~*~tactically~*~*~ (stealth).
 16642 | D:12     | 16642 ||| Stepping ~*~*~tactically~*~*~ (stealth).
 16648 | D:12     | 16648 ||| FLEEEEING.
 16649 | D:12     | 16649 ||| FLEEEEING.
 16650 | D:12     | 16650 ||| FLEEEEING.
 16651 | D:12     | 16651 ||| FLEEEEING.
 16652 | D:12     | 16652 ||| FLEEEEING.
 16655 | D:12     | 16655 ||| Stepping ~*~*~tactically~*~*~ (stealth).
 16657 | D:12     | 16657 ||| INVOKING Heroism.
 16658 | D:12     | 16658 ||| Stepping ~*~*~tactically~*~*~ (outnumbered).
 16659 | D:12     | 16659 ||| Stepping ~*~*~tactically~*~*~ (outnumbered).
 16660 | D:12     | 16660 ||| Stepping ~*~*~tactically~*~*~ (outnumbered).
 16661 | D:12     | 16661 ||| Stepping ~*~*~tactically~*~*~ (outnumbered).
 16662 | D:12     | 16662 ||| Stepping ~*~*~tactically~*~*~ (outnumbered).
 16663 | D:12     | 16663 ||| Stepping ~*~*~tactically~*~*~ (outnumbered).
 16669 | D:12     | 16669 ||| Stepping ~*~*~tactically~*~*~ (stealth).
 16670 | D:12     | 16670 ||| Stepping ~*~*~tactically~*~*~ (outnumbered).
 16671 | D:12     | 16671 ||| Stepping ~*~*~tactically~*~*~ (stealth).
 16672 | D:12     | 16672 ||| Stepping ~*~*~tactically~*~*~ (outnumbered).
 16792 | D:12     | 16792 ||| Stepping ~*~*~tactically~*~*~ (stealth).
 16835 | D:12     | 16835 ||| INVOKING Heroism.
 16836 | D:12     | 16836 ||| INVOKING Finesse.
 16979 | D:12     | 16979 ||| Stepping ~*~*~tactically~*~*~ (stealth).
 16981 | D:12     | 16981 ||| Stepping ~*~*~tactically~*~*~ (hiding).
 17049 | D:12     | Found a basalt altar of Yredelemnul.
 17079 | D:12     | 17079 ||| DRINKING 11 potions of curing.
 17079 | D:12     | 17079 ||| (to cure confusion)
 17135 | D:13     | 17135 ||| PLANNING GAUNTLET
 17189 | D:13     | Found a gate leading to a gauntlet.
 17190 | D:13     | 17190 ||| Stepping ~*~*~tactically~*~*~ (stealth).
 17191 | D:13     | 17191 ||| DROPPING +6 ring of dexterity.
 17192 | D:13     | Noticed Sonja
 17193 | D:13     | 17193 ||| Stepping ~*~*~tactically~*~*~ (stealth).
 17195 | D:13     | 17195 ||| INVOKING Heroism.
 17196 | D:13     | 17196 ||| INVOKING Finesse.
 17197 | D:13     | 17197 ||| Stepping ~*~*~tactically~*~*~ (outnumbered).
 17201 | D:13     | Reached XP level 15. HP: 146/146 MP: 12/20
 17203 | D:13     | Reached skill level 9 in Invocations
 17208 | D:13     | Killed Sonja
 17208 | D:13     | Received a gift from Okawaru
 17209 | D:13     | Reached skill level 3 in Armour
 17221 | Gauntlet | Entered a Gauntlet
 17221 | Gauntlet | Found a transporter.
 17221 | Gauntlet | Found a transporter.
 17221 | Gauntlet | Found a transporter.
 17274 | Gauntlet | Found a transporter.
 17286 | Gauntlet | Found a transporter.
 17287 | Gauntlet | Found a transporter.
 17297 | Gauntlet | Found a transporter.
 17316 | Gauntlet | Found a transporter.
 17331 | Gauntlet | Found a transporter.
 17342 | Gauntlet | Found a transporter.
 17345 | Gauntlet | Found a transporter.
 17380 | Gauntlet | Found a transporter.
 17415 | Gauntlet | 17415 ||| INVOKING Heroism.
 17416 | Gauntlet | 17416 ||| INVOKING Finesse.
 17417 | Gauntlet | 17417 ||| Stepping ~*~*~tactically~*~*~ (outnumbered).
 17418 | Gauntlet | 17418 ||| Stepping ~*~*~tactically~*~*~ (outnumbered).
 17431 | Gauntlet | 17431 ||| Stepping ~*~*~tactically~*~*~ (outnumbered).
 17480 | Gauntlet | 17480 ||| Stepping randomly (stuck).
 17497 | Gauntlet | Identified the +3 flail "Goffi" {vorpal, rElec Will+ Dex+2}
 17513 | Gauntlet | Was forgiven by Ignis
 17514 | Gauntlet | 17514 ||| INVOKING Heroism.
 17516 | Gauntlet | 17516 ||| Stepping ~*~*~tactically~*~*~ (outnumbered).
 17543 | Gauntlet | Identified the +0 pair of boots "Zarph" {rPois Str-4 Int+2}
 17564 | Gauntlet | 17564 ||| INVOKING Heroism.
 17670 | Gauntlet | 17670 ||| DROPPING +1 robe "Xotuzun" {rC+ Int+2 Dex+4}.
 17671 | Gauntlet | 17671 ||| UPGRADING to +0 storm dragon scales.
 17681 | Gauntlet | 17681 ||| DROPPING +0 acid dragon scales.
 17682 | Gauntlet | 17682 ||| DROPPING +1 cloak of stealth.
 17693 | D:13     | 17693 ||| PLANNING D
 17840 | D:13     | 17840 ||| Stepping ~*~*~tactically~*~*~ (stealth).
 17842 | D:13     | 17842 ||| INVOKING Heroism.
 17844 | D:13     | 17844 ||| READING 5 scrolls of teleportation.
 17847 | D:13     | 17847 ||| Stepping ~*~*~tactically~*~*~ (outnumbered).
 17850 | D:13     | 17850 ||| Stepping ~*~*~tactically~*~*~ (hiding).
 17888 | D:13     | 17888 ||| Stepping ~*~*~tactically~*~*~ (stealth).
 17925 | D:13     | 17925 ||| Stepping ~*~*~tactically~*~*~ (outnumbered).
 18000 | D:13     | 18000 ||| DRINKING 4 potions of cancellation.
 18001 | D:13     | 18001 ||| DRINKING 3 potions of cancellation.
 18007 | D:13     | 18007 ||| DRINKING 2 potions of cancellation.
 18010 | D:13     | 18010 ||| DRINKING potion of cancellation.
 18096 | D:13     | Noticed Rupert
 18097 | D:13     | 18097 ||| INVOKING Heroism.
 18098 | D:13     | 18098 ||| INVOKING Finesse.
 18104 | D:13     | Killed Rupert
 18104 | D:13     | Received a gift from Okawaru
 18122 | D:13     | 18122 ||| Stepping ~*~*~tactically~*~*~ (hiding).
 18124 | D:13     | 18124 ||| Stepping ~*~*~tactically~*~*~ (outnumbered).
 18125 | D:13     | 18125 ||| Stepping ~*~*~tactically~*~*~ (outnumbered).
 18206 | D:13     | 18206 ||| INVOKING Heroism.
 18207 | D:13     | 18207 ||| Stepping ~*~*~tactically~*~*~ (outnumbered).
 18210 | D:13     | 18210 ||| Stepping ~*~*~tactically~*~*~ (outnumbered).
 18361 | D:14     | 18361 ||| STAIRDANCE
 18366 | D:13     | 18366 ||| INVOKING Heroism.
 18410 | D:14     | 18410 ||| Stepping ~*~*~tactically~*~*~ (outnumbered).
 18413 | D:14     | 18413 ||| Stepping ~*~*~tactically~*~*~ (outnumbered).
 18421 | D:14     | Received a gift from Okawaru
 18621 | D:14     | 18621 ||| INVOKING Heroism.
 18622 | D:14     | 18622 ||| INVOKING Finesse.
 18654 | D:14     | Reached skill level 6 in Armour
 18725 | D:14     | 18725 ||| Stepping ~*~*~tactically~*~*~ (hiding).
 18726 | D:14     | 18726 ||| Stepping ~*~*~tactically~*~*~ (hiding).
 18735 | D:14     | 18735 ||| INVOKING Heroism.
 18736 | D:14     | 18736 ||| Stepping ~*~*~tactically~*~*~ (outnumbered).
 18737 | D:14     | 18737 ||| Stepping ~*~*~tactically~*~*~ (outnumbered).
 18738 | D:14     | 18738 ||| Stepping ~*~*~tactically~*~*~ (outnumbered).
 18740 | D:14     | 18740 ||| Stepping ~*~*~tactically~*~*~ (outnumbered).
 18741 | D:14     | 18741 ||| Stepping ~*~*~tactically~*~*~ (outnumbered).
 18742 | D:14     | 18742 ||| Stepping ~*~*~tactically~*~*~ (outnumbered).
 18744 | D:14     | 18744 ||| Stepping ~*~*~tactically~*~*~ (outnumbered).
 18747 | D:14     | 18747 ||| Stepping ~*~*~tactically~*~*~ (outnumbered).
 18750 | D:14     | 18750 ||| Stepping ~*~*~tactically~*~*~ (outnumbered).
 18753 | D:14     | 18753 ||| Stepping ~*~*~tactically~*~*~ (outnumbered).
 18754 | D:14     | 18754 ||| Stepping ~*~*~tactically~*~*~ (outnumbered).
 18755 | D:14     | 18755 ||| Stepping ~*~*~tactically~*~*~ (outnumbered).
 18757 | D:14     | 18757 ||| Stepping ~*~*~tactically~*~*~ (outnumbered).
 18760 | D:14     | 18760 ||| INVOKING Heroism.
 18760 | D:14     | HP: 36/146 [yaktaur/bolt (6)]
 18761 | D:14     | 18761 ||| READING 5 scrolls of teleportation.
 18761 | D:14     | HP: 15/146 [yaktaur/bolt (11)]
 18762 | D:14     | 18762 ||| DRINKING 7 potions of heal wounds.
 18763 | D:14     | 18763 ||| DRINKING 6 potions of heal wounds.
 18872 | D:14     | 18872 ||| INVOKING Heroism.
 18874 | D:14     | 18874 ||| Stepping ~*~*~tactically~*~*~ (outnumbered).
 18877 | D:14     | 18877 ||| Stepping ~*~*~tactically~*~*~ (outnumbered).
 18887 | D:14     | 18887 ||| Stepping ~*~*~tactically~*~*~ (outnumbered).
 18889 | D:14     | 18889 ||| Stepping ~*~*~tactically~*~*~ (outnumbered).
 18930 | D:14     | 18930 ||| Stepping ~*~*~tactically~*~*~ (hiding).
 19047 | D:14     | 19047 ||| Stepping ~*~*~tactically~*~*~ (stealth).
 19110 | D:14     | Found a gate to the Vaults.
 19161 | D:14     | 19161 ||| READING scroll labelled DUENIA CECLUU.
 19184 | D:14     | 19184 ||| INVOKING Heroism.
 19185 | D:14     | 19185 ||| INVOKING Finesse.
 19191 | D:14     | Received a gift from Okawaru
 19242 | D:15     | Entered Level 15 of the Dungeon
 19255 | D:15     | Reached skill level 9 in Throwing
 19272 | D:15     | 19272 ||| INVOKING Heroism.
 19273 | D:15     | 19273 ||| INVOKING Finesse.
 19284 | D:15     | Noticed Josephine
 19288 | D:15     | Killed Josephine
 19398 | D:15     | Noticed Roxanne
 19399 | D:15     | 19399 ||| INVOKING Heroism.
 19400 | D:15     | 19400 ||| INVOKING Finesse.
 19417 | D:15     | Killed Roxanne
 19501 | D:15     | Received a gift from Okawaru
 19527 | D:15     | Found a staircase to the Depths.
 19528 | D:15     | 19528 ||| FLEEEEING.
 19529 | D:15     | 19529 ||| FLEEEEING.
 19530 | D:15     | 19530 ||| FLEEEEING.
 19531 | D:15     | 19531 ||| FLEEEEING.
 19532 | D:15     | 19532 ||| FLEEEEING.
 19533 | D:15     | 19533 ||| FLEEEEING.
 19534 | D:15     | 19534 ||| FLEEEEING.
 19544 | D:15     | 19544 ||| FLEEEEING.
 19545 | D:15     | 19545 ||| FLEEEEING.
 19546 | D:15     | 19546 ||| FLEEEEING.
 19547 | D:15     | 19547 ||| FLEEEEING.
 19548 | D:15     | 19548 ||| FLEEEEING.
 19549 | D:15     | 19549 ||| FLEEEEING.
 19550 | D:15     | 19550 ||| FLEEEEING.
 19551 | D:15     | 19551 ||| FLEEEEING.
 19552 | D:15     | 19552 ||| FLEEEEING.
 19553 | D:15     | 19553 ||| FLEEEEING.
 19554 | D:15     | 19554 ||| FLEEEEING.
 19555 | D:15     | 19555 ||| FLEEEEING.
 19561 | D:15     | 19561 ||| FLEEEEING.
 19562 | D:15     | 19562 ||| FLEEEEING.
 19563 | D:15     | 19563 ||| FLEEEEING.
 19564 | D:15     | 19564 ||| FLEEEEING.
 19570 | D:15     | 19570 ||| FLEEEEING.
 19571 | D:15     | 19571 ||| FLEEEEING.
 19572 | D:15     | 19572 ||| FLEEEEING.
 19573 | D:15     | 19573 ||| FLEEEEING.
 19574 | D:15     | 19574 ||| FLEEEEING.
 19575 | D:15     | 19575 ||| FLEEEEING.
 19576 | D:15     | 19576 ||| FLEEEEING.
 19577 | D:15     | 19577 ||| STAIRDANCE
 19590 | D:14     | 19590 ||| DROPPING amulet of regeneration.
 19596 | D:15     | 19596 ||| INVOKING Heroism.
 19609 | D:15     | HP: 35/144 [vampire mage (7)]
 19610 | D:15     | 19610 ||| READING 5 scrolls of teleportation.
 19611 | D:15     | 19611 ||| DRINKING 5 potions of heal wounds.
 19718 | D:15     | 19718 ||| Stepping ~*~*~tactically~*~*~ (hiding).
 19720 | D:15     | 19720 ||| Stepping ~*~*~tactically~*~*~ (hiding).
 19728 | D:15     | 19728 ||| INVOKING Heroism.
 19732 | D:15     | 19732 ||| Stepping ~*~*~tactically~*~*~ (hiding).
 19801 | D:15     | 19801 ||| INVOKING Heroism.
 19874 | D:15     | 19874 ||| INVOKING Heroism.
 19889 | D:15     | 19889 ||| Stepping ~*~*~tactically~*~*~ (outnumbered).
 19890 | D:15     | 19890 ||| Stepping ~*~*~tactically~*~*~ (outnumbered).
 19891 | D:15     | 19891 ||| Stepping ~*~*~tactically~*~*~ (outnumbered).
 19892 | D:15     | Received a gift from Okawaru
 20069 | D:15     | 20069 ||| READING scroll of enchant armour.
 20069 | D:15     | 20069 ||| ENCHANTING +0 storm dragon scales.
 20413 | D:15     | 20413 ||| PLANNING ORC
 20413 | D:15     | 20413 ||| DROPPING ring of positive energy.
 20546 | Orc:1    | Entered Level 1 of the Orcish Mines
 20756 | Orc:1    | 20756 ||| Stepping ~*~*~tactically~*~*~ (hiding).
 20758 | Orc:1    | 20758 ||| Stepping ~*~*~tactically~*~*~ (stealth).
 20861 | Orc:2    | Entered Level 2 of the Orcish Mines
 20862 | Orc:2    | 20862 ||| INVOKING Heroism.
 20868 | Orc:2    | 20868 ||| Stepping ~*~*~tactically~*~*~ (outnumbered).
 20869 | Orc:2    | 20869 ||| Stepping ~*~*~tactically~*~*~ (outnumbered).
 20870 | Orc:2    | 20870 ||| Stepping ~*~*~tactically~*~*~ (outnumbered).
 20871 | Orc:2    | 20871 ||| Stepping ~*~*~tactically~*~*~ (outnumbered).
 20872 | Orc:2    | 20872 ||| Stepping ~*~*~tactically~*~*~ (outnumbered).
 20873 | Orc:2    | 20873 ||| Stepping ~*~*~tactically~*~*~ (outnumbered).
 20874 | Orc:2    | 20874 ||| Stepping ~*~*~tactically~*~*~ (outnumbered).
 20875 | Orc:2    | 20875 ||| Stepping ~*~*~tactically~*~*~ (outnumbered).
 20877 | Orc:2    | 20877 ||| Stepping ~*~*~tactically~*~*~ (outnumbered).
 20878 | Orc:2    | 20878 ||| Stepping ~*~*~tactically~*~*~ (outnumbered).
 20879 | Orc:2    | 20879 ||| Stepping ~*~*~tactically~*~*~ (outnumbered).
 20882 | Orc:2    | 20882 ||| Stepping ~*~*~tactically~*~*~ (outnumbered).
 20883 | Orc:2    | 20883 ||| Stepping ~*~*~tactically~*~*~ (outnumbered).
 20884 | Orc:2    | 20884 ||| Stepping ~*~*~tactically~*~*~ (outnumbered).
 20885 | Orc:2    | 20885 ||| Stepping ~*~*~tactically~*~*~ (outnumbered).
 20886 | Orc:2    | 20886 ||| Stepping ~*~*~tactically~*~*~ (outnumbered).
 20887 | Orc:2    | 20887 ||| Stepping ~*~*~tactically~*~*~ (outnumbered).
 20888 | Orc:2    | 20888 ||| Stepping ~*~*~tactically~*~*~ (outnumbered).
 20889 | Orc:2    | 20889 ||| Stepping ~*~*~tactically~*~*~ (outnumbered).
 20890 | Orc:2    | 20890 ||| Stepping ~*~*~tactically~*~*~ (outnumbered).
 20893 | Orc:2    | 20893 ||| Stepping ~*~*~tactically~*~*~ (outnumbered).
 20896 | Orc:2    | 20896 ||| Stepping ~*~*~tactically~*~*~ (outnumbered).
 20897 | Orc:2    | 20897 ||| Stepping ~*~*~tactically~*~*~ (outnumbered).
 20898 | Orc:2    | 20898 ||| Stepping ~*~*~tactically~*~*~ (outnumbered).
 20903 | Orc:2    | 20903 ||| Stepping ~*~*~tactically~*~*~ (outnumbered).
 20906 | Orc:2    | 20906 ||| Stepping ~*~*~tactically~*~*~ (outnumbered).
 20907 | Orc:2    | 20907 ||| Stepping ~*~*~tactically~*~*~ (outnumbered).
 20908 | Orc:2    | 20908 ||| Stepping ~*~*~tactically~*~*~ (outnumbered).
 20909 | Orc:2    | 20909 ||| Stepping ~*~*~tactically~*~*~ (outnumbered).
 20910 | Orc:2    | 20910 ||| Stepping ~*~*~tactically~*~*~ (outnumbered).
 20911 | Orc:2    | 20911 ||| Stepping ~*~*~tactically~*~*~ (outnumbered).
 20912 | Orc:2    | 20912 ||| Stepping ~*~*~tactically~*~*~ (outnumbered).
 20916 | Orc:2    | 20916 ||| Stepping ~*~*~tactically~*~*~ (outnumbered).
 20918 | Orc:2    | 20918 ||| INVOKING Heroism.
 20929 | Orc:2    | 20929 ||| Stepping ~*~*~tactically~*~*~ (outnumbered).
 20930 | Orc:2    | 20930 ||| Stepping ~*~*~tactically~*~*~ (outnumbered).
 20931 | Orc:2    | 20931 ||| Stepping ~*~*~tactically~*~*~ (outnumbered).
 20932 | Orc:2    | 20932 ||| Stepping ~*~*~tactically~*~*~ (outnumbered).
 20933 | Orc:2    | 20933 ||| Stepping ~*~*~tactically~*~*~ (outnumbered).
 20934 | Orc:2    | 20934 ||| Stepping ~*~*~tactically~*~*~ (outnumbered).
 20940 | Orc:2    | 20940 ||| Stepping ~*~*~tactically~*~*~ (outnumbered).
 20941 | Orc:2    | HP: 31/146 [orc warrior/+3 glaive (17)]
 20942 | Orc:2    | 20942 ||| READING 4 scrolls of teleportation.
 20943 | Orc:2    | 20943 ||| DRINKING 4 potions of heal wounds.
 20946 | Orc:2    | 20946 ||| Stepping ~*~*~tactically~*~*~ (outnumbered).
 20948 | Orc:2    | 20948 ||| Stepping ~*~*~tactically~*~*~ (outnumbered).
 20951 | Orc:2    | 20951 ||| Stepping ~*~*~tactically~*~*~ (outnumbered).
 20955 | Orc:2    | HP: 26/146 [orc priest/divine providence (15)]
 20956 | Orc:2    | 20956 ||| READING 3 scrolls of teleportation.
 20957 | Orc:2    | 20957 ||| DRINKING 3 potions of heal wounds.
 20958 | Orc:2    | 20958 ||| DRINKING 2 potions of heal wounds.
 20959 | Orc:2    | 20959 ||| FLEEEEING.
 20960 | Orc:2    | 20960 ||| FLEEEEING.
 20961 | Orc:2    | 20961 ||| FLEEEEING.
 20962 | Orc:2    | 20962 ||| FLEEEEING.
 20964 | Orc:2    | 20964 ||| FLEEEEING.
 20965 | Orc:2    | 20965 ||| FLEEEEING.
 20966 | Orc:2    | 20966 ||| FLEEEEING.
 20967 | Orc:2    | 20967 ||| FLEEEEING.
 20968 | Orc:2    | 20968 ||| FLEEEEING.
 20969 | Orc:2    | 20969 ||| STAIRDANCE
 21119 | Orc:2    | 21119 ||| Stepping ~*~*~tactically~*~*~ (stealth).
 21142 | Orc:2    | 21142 ||| DRINKING 11 potions of curing.
 21142 | Orc:2    | 21142 ||| (to cure confusion)
 21152 | Orc:2    | 21152 ||| INVOKING Heroism.
 21160 | Orc:2    | 21160 ||| Stepping ~*~*~tactically~*~*~ (outnumbered).
 21161 | Orc:2    | 21161 ||| Stepping ~*~*~tactically~*~*~ (outnumbered).
 21162 | Orc:2    | 21162 ||| Stepping ~*~*~tactically~*~*~ (outnumbered).
 21163 | Orc:2    | 21163 ||| Stepping ~*~*~tactically~*~*~ (outnumbered).
 21164 | Orc:2    | 21164 ||| Stepping ~*~*~tactically~*~*~ (outnumbered).
 21165 | Orc:2    | 21165 ||| Stepping ~*~*~tactically~*~*~ (outnumbered).
 21166 | Orc:2    | 21166 ||| Stepping ~*~*~tactically~*~*~ (outnumbered).
 21167 | Orc:2    | 21167 ||| Stepping ~*~*~tactically~*~*~ (outnumbered).
 21231 | Orc:2    | Reached skill level 21 in Unarmed Combat
 21332 | Orc:2    | 21332 ||| INVOKING Heroism.
 21362 | Orc:2    | 21362 ||| Stepping ~*~*~tactically~*~*~ (stealth).
 21363 | Orc:2    | 21363 ||| Stepping ~*~*~tactically~*~*~ (hiding).
 21364 | Orc:2    | 21364 ||| Stepping ~*~*~tactically~*~*~ (hiding).
 21375 | Orc:2    | Reached XP level 16. HP: 149/156 MP: 22/22
 21376 | Orc:2    | 21376 ||| Stepping ~*~*~tactically~*~*~ (outnumbered).
 21377 | Orc:2    | 21377 ||| Stepping ~*~*~tactically~*~*~ (outnumbered).
 21378 | Orc:2    | 21378 ||| Stepping ~*~*~tactically~*~*~ (outnumbered).
 21379 | Orc:2    | 21379 ||| Stepping ~*~*~tactically~*~*~ (outnumbered).
 21380 | Orc:2    | 21380 ||| Stepping ~*~*~tactically~*~*~ (outnumbered).
 21381 | Orc:2    | 21381 ||| Stepping ~*~*~tactically~*~*~ (outnumbered).
 21382 | Orc:2    | 21382 ||| Stepping ~*~*~tactically~*~*~ (outnumbered).
 21383 | Orc:2    | 21383 ||| Stepping ~*~*~tactically~*~*~ (outnumbered).
 21384 | Orc:2    | 21384 ||| Stepping ~*~*~tactically~*~*~ (outnumbered).
 21385 | Orc:2    | 21385 ||| Stepping ~*~*~tactically~*~*~ (outnumbered).
 21386 | Orc:2    | 21386 ||| Stepping ~*~*~tactically~*~*~ (outnumbered).
 21387 | Orc:2    | 21387 ||| Stepping ~*~*~tactically~*~*~ (outnumbered).
 21388 | Orc:2    | 21388 ||| Stepping ~*~*~tactically~*~*~ (outnumbered).
 21389 | Orc:2    | 21389 ||| Stepping ~*~*~tactically~*~*~ (outnumbered).
 21390 | Orc:2    | 21390 ||| Stepping ~*~*~tactically~*~*~ (outnumbered).
 21391 | Orc:2    | 21391 ||| STAIRDANCE
 21393 | Orc:1    | 21393 ||| Stepping ~*~*~tactically~*~*~ (outnumbered).
 21394 | Orc:1    | 21394 ||| Stepping ~*~*~tactically~*~*~ (outnumbered).
 21446 | Orc:2    | 21446 ||| INVOKING Heroism.
 21466 | Orc:2    | 21466 ||| Stepping ~*~*~tactically~*~*~ (stealth).
 21467 | Orc:2    | 21467 ||| Stepping ~*~*~tactically~*~*~ (stealth).
 21468 | Orc:2    | 21468 ||| Stepping ~*~*~tactically~*~*~ (stealth).
 21471 | Orc:2    | 21471 ||| Stepping ~*~*~tactically~*~*~ (stealth).
 21481 | Orc:2    | 21481 ||| Stepping ~*~*~tactically~*~*~ (hiding).
 21507 | Orc:2    | Found Xatsoenn's Assorted Antiques.
 21507 | Orc:2    | Found Olif's Assorted Antiques.
 21515 | Orc:2    | Found Vuatev's Armour Shop.
 21517 | Orc:2    | Found Xouwn's Antique Weapon Boutique.
 21520 | Orc:2    | 21520 ||| BUYING potion of heal wounds (130 gold).
 21520 | Orc:2    | Bought a potion of heal wounds for 130 gold pieces
 21520 | Orc:2    | 21520 ||| BUYING potion of magic (208 gold).
 21520 | Orc:2    | Bought a potion of magic for 208 gold pieces
 21531 | Orc:2    | Received a gift from Okawaru
 21533 | Orc:2    | 21533 ||| Stepping ~*~*~tactically~*~*~ (hiding).
 21542 | Orc:2    | 21542 ||| Stepping ~*~*~tactically~*~*~ (hiding).
 21637 | Orc:2    | 21637 ||| Stepping ~*~*~tactically~*~*~ (stealth).
 21664 | Orc:2    | 21664 ||| INVOKING Heroism.
 21711 | Orc:2    | 21711 ||| INVOKING Heroism.
 21711 | Orc:2    | Paralysed by an orc sorcerer for 5 turns
 21748 | Orc:2    | Found a staircase to the Elven Halls.
 21796 | Orc:2    | 21796 ||| INVOKING Heroism.
 21802 | Orc:2    | 21802 ||| Stepping ~*~*~tactically~*~*~ (outnumbered).
 21803 | Orc:2    | 21803 ||| Stepping ~*~*~tactically~*~*~ (outnumbered).
 21804 | Orc:2    | 21804 ||| Stepping ~*~*~tactically~*~*~ (outnumbered).
 21810 | Orc:2    | Received a gift from Okawaru
 21813 | Orc:2    | 21813 ||| Stepping ~*~*~tactically~*~*~ (outnumbered).
 21992 | Orc:2    | Noticed Urug
 21993 | Orc:2    | 21993 ||| INVOKING Heroism.
 21997 | Orc:2    | Killed Urug
 22033 | Orc:2    | 22033 ||| Stepping ~*~*~tactically~*~*~ (stealth).
 22035 | Orc:2    | 22035 ||| INVOKING Heroism.
 22343 | Orc:2    | 22343 ||| PLANNING SHOALS:1-3
 22528 | Shoals:1 | Entered Level 1 of the Shoals
 22568 | Shoals:1 | 22568 ||| Stepping ~*~*~tactically~*~*~ (hiding).
 22885 | Shoals:1 | 22885 ||| INVOKING Heroism.
 23110 | Shoals:1 | 23110 ||| DROPPING scarf of harm.
 23139 | Shoals:2 | 23139 ||| STAIRDANCE
 23141 | Shoals:1 | 23141 ||| INVOKING Heroism.
 23159 | Shoals:2 | 23159 ||| STAIRDANCE
 23175 | Shoals:2 | 23175 ||| STAIRDANCE
 23179 | Shoals:2 | 23179 ||| STAIRDANCE
 23186 | Shoals:2 | 23186 ||| STAIRDANCE
 23191 | Shoals:2 | 23191 ||| STAIRDANCE
 23231 | Shoals:2 | 23231 ||| STAIRDANCE
 23241 | Shoals:2 | 23241 ||| STAIRDANCE
 23250 | Shoals:2 | 23250 ||| STAIRDANCE
 23260 | Shoals:2 | 23260 ||| STAIRDANCE
 23290 | Shoals:2 | 23290 ||| INVOKING Heroism.
 23404 | Shoals:2 | 23404 ||| INVOKING Heroism.
 23433 | Shoals:2 | HP: 37/158 [merfolk/+0 trident (4)]
 23435 | Shoals:2 | 23435 ||| READING 3 scrolls of teleportation.
 23436 | Shoals:2 | 23436 ||| DRINKING 2 potions of heal wounds.
 23437 | Shoals:2 | 23437 ||| DRINKING potion of heal wounds.
 23438 | Shoals:2 | 23438 ||| INVOKING Heroism.
 23440 | Shoals:2 | HP: 32/158 [satyr/arrow (25)]
 23441 | Shoals:2 | 23441 ||| READING 2 scrolls of teleportation.
 23441 | Shoals:2 | HP: 7/158 [satyr/arrow (23)]
 23442 | Shoals:2 | HP: 3/158 [merfolk/+0 trident (5)]
 23442 | Shoals:2 | HP: 1/158 [merfolk/+0 trident (2)]
 23444 | Shoals:2 | 23444 ||| READING scroll of teleportation.
 23448 | Shoals:2 | HP: 1/158 [manticore/volley of spikes (6)]
 23449 | Shoals:2 | Succumbed to barbed spike wounds

Levels and vault maps discovered:
D:1:      lemuel_arrival_cross, layout_basic, serial_shops, shop_statue
D:2:      layout_basic, serial_shops, nicolae_shop_crystal,
          nicolae_shop_advertising_works [nicolae_subvault_shop_adworks], shop,
          shop, nicolae_shop_hallway_plus
D:3:      layout_loops_cross, serial_shops, nicolae_shop_statue_plus,
          portal_sewer_entry_f
D:4:      layout_cave_pools, nicolae_ru_path_of_blood, uniq_eustachio
D:5:      layout_cave_pools, marbit_many_paths, nicolae_ossuary_entry_ruins,
          minmay_fractal_squares_diagonal_5, uniq_ijyb
D:6:      layout_basic
D:7:      layout_loops_cross, minmay_temple_entry_nine_rooms,
          gammafunk_ghost_split, kennysheep_generic_room_4
D:8:      layout_loops_ring, dk_noncrumbling_4, st_stairs_11, uniq_maurice
D:9:      layout_roguey, mainiacjoe_overflow_brackets,
          gammafunk_ghost_necromancy, uniq_harold, uniq_erica
D:10:     layout_stronghold, jmf_multi_god_temple2, lair_entry_dummy,
          serial_bayou_pond_e, grunt_decor_one_mirror
D:11:     layout_rooms, orc_0_dummy, hellmonk_guarded_unrand_dark_maul
D:12:     layout_cave_pools, gammafunk_ghost_arena,
          lemuel_zombie_altar_yredelemnul
D:13:     layout_rooms, serial_curves, eino_curves_04, eino_curves_02,
          eino_curves_01, eino_curves_04, gauntlet_entry_generic, eino_jars,
          uniq_rupert, uniq_sonja
D:14:     layout_rooms, hangedman_vaults_entry_quadrant_bands,
          minmay_door_square
D:15:     gammafunk_depths_entry_grave, layout_long_grid, uniq_josephine,
          uniq_roxanne
Temple:   nicolae_temple_bog_church
Lair:1:   layout_cave_pods, lightli_volcano_entry_magma_tube,
          serial_bayou_shore_b
Lair:2:   layout_long_grid, elwin_shoals_entry_stream,
          hellmonk_spider_entry_not_the_bees, grunt_forest_stairs_clearing,
          infiniplex_staircase_pool_2
Lair:3:   wander_river, layout_layer_cave, lemuel_old_faithful, uniq_snorg
Lair:4:   layout_loops_ring, slime_entry_1, patterned_corridor,
          serial_bayou_shore_a, grunt_megastairs_3
Lair:5:   minmay_lair_end_enchanted_forest, layout_hall_layers,
          grunt_megastairs_2
Shoals:1: layout_shoals
Shoals:2: layout_shoals, gammafunk_ghost_cemetery, nicolae_shoals_raging_river,
          uniq_aizul, uniq_ilsuiw
Orc:1:    layout_diamond_mine
Orc:2:    st_orc_mages, layout_caves, uniq_urug

Skill      XL: |  1  2  3  4  5  6  7  8  9 10 11 12 13 14 15 16 |
---------------+-------------------------------------------------+-----
Unarmed Combat | 4 5 6 7 8 10 12 14 16 18 19 20 21 | 21.3
Dodging        | 1 3 4 |  4.0
Throwing       | 3 4 5 6 8 9 |  9.0
Fighting       | 3 4 5 7 8 9 10 | 10.0
Armour         | 1 2 7 8 |  8.0
Invocations    | 4 8 10 | 10.0
Spellcasting   | |  1.0
Fire Magic     | |  2.1

Action                   |  1- 3 |  4- 6 |  7- 9 | 10-12 | 13-15 | 16-18 || total
-------------------------+-------+-------+-------+-------+-------+-------++-------
Melee: Unarmed           |   105 |   135 |   254 |   460 |  1034 |   173 ||  2161
       Punch             |     1 |     5 |    11 |    44 |   121 |    24 ||   206
Throw: Boomerang         |     5 |    55 |     7 |   105 |    39 |       ||   211
       Large rock        |       |    10 |    66 |    12 |   153 |    18 ||   259
       Javelin           |       |       |       |       |    40 |       ||    40
Invok: Fiery Armour      |     1 |     3 |     3 |     6 |       |       ||    13
       Heroism           |       |       |       |       |    62 |    11 ||    73
       Finesse           |       |       |       |       |    13 |       ||    13
  Use: Scroll            |     1 |     7 |    10 |     6 |     9 |     3 ||    36
       Potion            |       |     2 |     5 |     5 |    12 |     2 ||    26
 Stab: Petrifying        |       |       |       |       |     1 |       ||     1
Armor: Robe              |    26 |    35 |    69 |   128 |   117 |       ||   375
       Skin              |       |    27 |       |       |       |       ||    27
       Acid dragon scale |       |       |       |       |    27 |       ||    27
       Storm dragon scal |       |       |       |       |   163 |   124 ||   287
Dodge: Dodged            |    44 |    79 |   105 |   212 |   442 |   113 ||   995
Block: Other             |       |       |       |    88 |   192 |    50 ||   330
       Reflection        |       |       |       |       |     9 |     7 ||    16

Table legend:
 A = Non-vault XP
 B = Vault XP
 C = Vault XP percentage of total XP
 D = Non-vault monster count
 E = Vault monster count
 F = Vault count percentage of total count
                 A         B        C        D         E       F
            +---------+---------+-------+---------+---------+-------
      Total |  127798 |   49469 |  27.9 |     576 |     286 |  33.2
            +---------+---------+-------+---------+---------+-------
        D:1 |      38 |       0 |   0.0 |      22 |       0 |   0.0
        D:2 |      69 |       0 |   0.0 |      17 |       0 |   0.0
        D:3 |     188 |       8 |   4.1 |      31 |       4 |  11.4
        D:4 |     129 |     197 |  60.4 |      11 |       1 |   8.3
        D:5 |     360 |     563 |  61.0 |       6 |      10 |  62.5
        D:6 |    1363 |       0 |   0.0 |      31 |       0 |   0.0
        D:7 |    1186 |     127 |   9.7 |      22 |       1 |   4.3
        D:8 |    2299 |     888 |  27.9 |      30 |       5 |  14.3
        D:9 |    4128 |    1691 |  29.1 |      15 |       2 |  11.8
       D:10 |    6763 |       0 |   0.0 |      33 |       0 |   0.0
       D:11 |    4442 |    1100 |  19.8 |      20 |       3 |  13.0
       D:12 |    5143 |     673 |  11.6 |      18 |       2 |  10.0
       D:13 |    8582 |    3748 |  30.4 |      26 |       9 |  25.7
       D:14 |    8471 |    5366 |  38.8 |      16 |      17 |  51.5
       D:15 |    6941 |    7832 |  53.0 |      11 |      13 |  54.2
     Lair:1 |    6702 |       0 |   0.0 |      22 |       0 |   0.0
     Lair:2 |   12179 |    2619 |  17.7 |      44 |      14 |  24.1
     Lair:3 |    8999 |     906 |   9.1 |      34 |       1 |   2.9
     Lair:4 |   10574 |    2011 |  16.0 |      26 |       5 |  16.1
     Lair:5 |   15146 |   10655 |  41.3 |      45 |      58 |  56.3
   Shoals:1 |    9131 |       0 |   0.0 |      17 |       0 |   0.0
   Shoals:2 |    8047 |       0 |   0.0 |      16 |       0 |   0.0
      Orc:1 |    1084 |       0 |   0.0 |       9 |       0 |   0.0
      Orc:2 |    5834 |    5332 |  47.8 |      54 |      46 |  46.0
      Sewer |       0 |     262 | 100.0 |       0 |      45 | 100.0
    Ossuary |       0 |    1389 | 100.0 |       0 |      38 | 100.0
   Gauntlet |       0 |    4102 | 100.0 |       0 |      12 | 100.0
            +---------+---------+-------+---------+---------+-------
